 Dungeon Crawl Stone Soup version 0.31.0-11-ge490571c62 (webtiles) character file.

Game seed: 14939902531389344268

21416376 bottledwater03 the Naga Barricade (level 27, 273/273 HPs)
             Began as a Naga Hedge Wizard on Jan 30, 2024.
             Was the Champion of Cheibriados.
             Escaped with the Orb
             ... and 15 runes on Jan 31, 2024!
             The game lasted 10:35:31 (70862 turns).

bottledwater03 the Naga Barricade (NaHW)           Turns: 70862, Time: 10:35:32

Health: 273/273    AC: 29    Str: 36    XL:     27
Magic:  48/48      EV: 21    Int: 46    God:    Cheibriados [******]
Gold:   11453      SH: 38    Dex: 31    Spells: 3/68 levels left

rFire   + + +        U - +9 broad axe (flame)
rCold   + + .        v - +8 tower shield
rNeg    + + +        X - +1 robe of Relativism {Will+ Regen+ Str+6}
rPois   ∞            p - +2 hat {Will+}
rElec   +            S - +2 cloak "Puum" {rF+ rCorr}
rCorr   +            z - +4 pair of gloves of Guawnimysh {^Contam rPois rCorr Str-5 Int+6}
SInv    +            R - +1 barding of Gyfezyre {rC+ Regen+ Str+2 Slay+2}
Will    +++++        K - amulet of magic regeneration
Stlth   +++          y - ring of Jurera {rElec rF+ Str+5 Dex+2}
HPRegen 2.25/turn    V - ring of Eternity {Wiz rF+}
MPRegen 0.71/turn

%: wizardry (x1)
@: death-form, studying Armour, very slow
A: vile attack, torment immunity, no potions, AC +9, large, see invisible,
deformed body, poison resistance, slowness 2, spit poison 1, naga tail 2
0: Orb of Zot
}: 15/15 runes: decaying, slimy, silver, golden, iron, obsidian, icy, bone,
abyssal, demonic, glowing, magical, fiery, dark, gossamer
a: Spit Poison, Siphon Essence, Begin Untransformation, Renounce Religion, Bend
Time, Temporal Distortion, Slouch, Step From Time


You escaped.
You worshipped Cheibriados.
Cheibriados was exalted by your worship.
You were an undying horror.
You visited 18 branches of the dungeon, and saw 88 of its levels.
You visited Pandemonium 1 time, and saw 13 of its levels.
You visited the Abyss 2 times.
You visited 1 ziggurat, and saw 11 of its levels.
You also visited: Trove, Sewer, Gauntlet and Wizlab.

You collected 15949 gold pieces.
You spent 4496 gold pieces at shops.

Inventory:

Hand Weapons
 e - a +9 broad axe of freezing
 U - a +9 broad axe of flaming (weapon)
Missiles
 P - 6 silver javelins (quivered)
Armour
 p - a +2 hat of willpower (worn)
 v - a +8 tower shield (worn)
 z - the +4 pair of gloves of Guawnimysh (worn) {^Contam rPois rCorr Str-5 Int+6}
   (You found it on level 12 of the Dungeon)

   Str-5:     It affects your strength (-5).
   Int+6:     It affects your intelligence (+6).
   rPois:     It protects you from poison ^Contam: It causes magical
   contamination when unequipped.
   rCorr:     It protects you from acid and corrosion.
 R - the +1 barding of Gyfezyre (worn) {rC+ Regen+ Str+2 Slay+2}
   (You found it in a treasure trove)

   Str+2:     It affects your strength (+2).
   Slay+2:    It affects your accuracy & damage with ranged weapons and melee
   (+2).
   rC+:       It protects you from cold.
   Regen+:    It increases your rate of health regeneration.
 S - the +2 cloak "Puum" (worn) {rF+ rCorr}
   (You found it on level 3 of the Depths)

   rF+:       It protects you from fire.
   rCorr:     It protects you from acid and corrosion.
 W - the +1 pair of gloves of a sewer {rC+ Str+3}
   (You found it on level 3 of the Tomb of the Ancients)

   Str+3:     It affects your strength (+3).
   rC+:       It protects you from cold.
 X - the +1 robe of Relativism (worn) {Will+ Regen+ Str+6}
   (You took it off a deep elf demonologist on level 3 of the Elven Halls)

   Str+6:     It affects your strength (+6).
   Will+:     It increases your willpower.
   Regen+:    It increases your rate of health regeneration.
 Y - the +1 pair of gloves of the Sparrow {rElec Will+}
   (You bought it in a shop on level 2 of the Orcish Mines)

   rElec:     It insulates you from electricity.
   Will+:     It increases your willpower.
 Z - the scarf of the True Pharaoh {repulsion, Dex-3 Slay+4}
   (You found it on level 4 of the Spider Nest)

   Dex-3:     It affects your dexterity (-3).
   Slay+4:    It affects your accuracy & damage with ranged weapons and melee
   (+4).
Magical Staves
 l - the staff "Vaufur" {rElec Stlth+ Fire Air}
   (You found it in Pandemonium)

   [staff of air]

   Base accuracy: +5 Base damage: 5 Base attack delay: 1.2 This weapon's minimum
   attack delay (0.6) is reached at skill level 12.
   rElec:     It insulates you from electricity.
   Stlth+:    It makes you more stealthy.
   Fire:      It increases the power of your Fire spells.
   Air:       It increases the power of your Air spells.
   It falls into the 'Staves' category.
   It is a one-handed weapon.
 A - the staff "Rahiof" {rN+ Will+ Necro Fire Air}
   (You found it on level 2 of the Depths)

   [staff of death]

   Base accuracy: +5 Base damage: 5 Base attack delay: 1.2 This weapon's minimum
   attack delay (0.6) is reached at skill level 12.
   rN+:       It protects you from negative energy.
   Will+:     It increases your willpower.
   Necro:     It increases the power of your Necromancy spells.
   Fire:      It increases the power of your Fire spells.
   Air:       It increases the power of your Air spells.
   It falls into the 'Staves' category.
   It is a one-handed weapon.
 M - the staff of Isalic {rN+ Will+ Str+2 Conj Necro}
   (You found it on level 7 of the Iron City of Dis)

   [staff of death]

   Base accuracy: +5 Base damage: 5 Base attack delay: 1.2 This weapon's minimum
   attack delay (0.6) is reached at skill level 12.
   Str+2:     It affects your strength (+2).
   rN+:       It protects you from negative energy.
   Will+:     It increases your willpower.
   Conj:      It increases the power of your Conjurations spells.
   Necro:     It increases the power of your Necromancy spells.
   It falls into the 'Staves' category.
   It is a one-handed weapon.
Jewellery
 f - the amulet of Gulug {^Drain rPois Regen+ Dex-2 Slay+5}
   (You took it off a deep elf high priest on level 3 of the Elven Halls)

   [amulet of regeneration]

   Dex-2:     It affects your dexterity (-2).
   Slay+5:    It affects your accuracy & damage with ranged weapons and melee
   (+5).
   rPois:     It protects you from poison Regen+: It increases your rate of
   health regeneration.
   ^Drain:    It drains your maximum health when unequipped.
 h - the ring of the Inviting Ancients {rF+ Will++ Int+2 Stlth+}
   (You found it on level 5 of the Vaults)

   [ring of protection from fire]

   Int+2:     It affects your intelligence (+2).
   rF+:       It protects you from fire.
   Will++:    It greatly increases your willpower.
   Stlth+:    It makes you more stealthy.
 j - the ring of Orufoy {rC+ EV+5}
   (You took it off a frost giant on level 2 of the Depths)

   [ring of evasion]

   EV+5:      It affects your evasion (+5).
   rC+:       It protects you from cold.
 n - the amulet "Ziyphatt" {Acrobat rC+ rCorr Str+3 Dex+5}
   (You found it on level 9 of a ziggurat)

   [amulet of the acrobat]

   Acrobat:   It increases your evasion while moving and waiting.
   Str+3:     It affects your strength (+3).
   Dex+5:     It affects your dexterity (+5).
   rC+:       It protects you from cold.
   rCorr:     It protects you from acid and corrosion.
 q - the ring of Zagrah {Fly rN+}
   (You found it on level 3 of the Crypt)

   [ring of positive energy]

   rN+:       It protects you from negative energy.
   Fly:       It grants you flight.
 w - the ring "Gikyejiz" {rF+ rN+ Will- rCorr Slay+5}
   (You found it on level 7 of the Dungeon)

   [ring of resist corrosion]

   Slay+5:    It affects your accuracy & damage with ranged weapons and melee
   (+5).
   rF+:       It protects you from fire.
   rN+:       It protects you from negative energy.
   Will-:     It decreases your willpower.
   rCorr:     It protects you from acid and corrosion.
 y - the ring of Jurera (left hand) {rElec rF+ Str+5 Dex+2}
   (You found it on level 4 of the Vaults)

   [ring of protection from fire]

   Str+5:     It affects your strength (+5).
   Dex+2:     It affects your dexterity (+2).
   rF+:       It protects you from fire.
   rElec:     It insulates you from electricity.
 C - the ring of Egyduves {rN+ Will+ Dex+7}
   (You found it on level 3 of the Crypt)

   [ring of positive energy]

   Dex+7:     It affects your dexterity (+7).
   rN+:       It protects you from negative energy.
   Will+:     It increases your willpower.
 K - an amulet of magic regeneration (around neck)
 N - the ring of the Lich-sworn {Fly rCorr MP+9 Dex+3}
   (You took it off a balrug on level 7 of Gehenna)

   [ring of flight]

   Dex+3:     It affects your dexterity (+3).
   MP+9:      It affects your magic capacity (+9).
   Fly:       It grants you flight.
   rCorr:     It protects you from acid and corrosion.
 O - the ring of Othrayros {rN+ Str+3}
   (You found it on level 3 of the Crypt)

   [ring of positive energy]

   Str+3:     It affects your strength (+3).
   rN+:       It protects you from negative energy.
 T - an amulet of reflection
 V - the ring of Eternity (right hand) {Wiz rF+}
   (You found it on level 3 of the Crypt)

   [ring of wizardry]

   Wiz:       It improves your spell success rate.
   rF+:       It protects you from fire.
Talismans
 r - the storm talisman of Infinity {rN+}
   (You took it off Sojobo on level 2 of the Vaults)

   [storm talisman]

   rN+:       It protects you from negative energy.
 s - a granite talisman
 Q - a talisman of death (active)
Wands
 d - a wand of iceblast (130)
 E - a wand of acid (53)
 J - a wand of digging (83)
Scrolls
 a - 8 scrolls of fog
 b - 4 scrolls of blinking
 c - a scroll of revelation
 B - 16 scrolls of teleportation
 F - 4 scrolls of summoning
 H - 11 scrolls of immolation
Potions
 g - 13 potions of lignification
 i - 10 potions of cancellation
 m - 12 potions of attraction
 o - 2 potions of magic
 t - 2 potions of resistance
 u - 5 potions of heal wounds
 x - 3 potions of brilliance
 D - 5 potions of might
 G - 10 potions of mutation
 I - 6 potions of enlightenment
 L - 19 potions of curing


   Skills:
 * Level 21.2 Fighting
 * Level 16.0(16.1) Axes
 - Level 2.6(10.9) Polearms
 - Level 2.0(2.6) Staves
 - Level 9.0 Armour
 * Level 12.6 Dodging
 * Level 21.5 Stealth
 O Level 27 Shields
 * Level 21.1 Spellcasting
 - Level 21.0 Conjurations
 - Level 3.0 Summonings
 - Level 4.0 Necromancy
 - Level 1.0 Translocations
 - Level 21.0 Fire Magic
 - Level 5.4 Ice Magic
 - Level 21.0 Air Magic
 - Level 9.7 Earth Magic
 - Level 5.0 Alchemy
 * Level 12.5 Invocations
 - Level 1.2 Evocations
 - Level 23.0 Shapeshifting


You had 3 spell levels left.
You knew the following spells:

 Your Spells              Type           Power      Damage    Failure   Level
a - Magic Dart            Conj           100%       1d8       0%          1
b - Chain Lightning       Conj/Air       63%        3d84      2%          9
c - Fire Storm            Conj/Fire      63%        8d16      2%          9
d - Blink                 Tloc           100%       N/A       1%          2
e - Leda's Liquefaction   Alch/Erth      43%        N/A       1%          4
f - Conjure Ball Lightni  Conj/Air       63%        3x3d23    0%          6
g - Ignition              Fire           63%        3d17      1%          8
h - Sticky Flame          Fire/Alch      100%       2d15      0%          4
i - Bombard               Conj/Erth      56%        9d9       1%          6
j - Dispel Undead         Necr           71%        3d24      1%          4
k - Freezing Cloud        Conj/Ice/Air   57%        6-21      0%          5
l - Orb of Destruction    Conj           63%        9d15      1%          7

Your spell library contained the following spells:

 Spells                   Type           Power      Damage    Failure   Level
 Foxfire                  Conj/Fire      100%       2x1d9     0%          1
 Kiss of Death            Conj/Necr      100%       2d13      0%          1
 Sting                    Conj/Alch      100%       1d9       0%          1
 Cigotuvi's Dreadful Rot  Necr/Alch/Air  100%       N/A       0%          2
 Mercury Vapours          Alch/Air       100%       N/A       0%          2
 Scorch                   Fire           100%       2d9       0%          2
 Searing Ray              Conj           100%       2d8       0%          2
 Static Discharge         Conj/Air       100%       3-8/arc   0%          2
 Dazzling Flash           Conj/Hex       100%       N/A       0%          3
 Hailstorm                Conj/Ice       100%       3d16      0%          3
 Inner Flame              Hex/Fire       98%        N/A       0%          3
 Mephitic Cloud           Conj/Alch/Air  100%       N/A       0%          3
 Passwall                 Erth           95%        N/A       0%          3
 Stone Arrow              Conj/Erth      100%       3d13      0%          3
 Swiftness                Air            100%       N/A       0%          3
 Volatile Blastmotes      Fire/Tloc      100%       2d18      0%          3
 Apportation              Tloc           100%       N/A       1%          1
 Freeze                   Ice            100%       1d10      1%          1
 Necrotise                Necr           100%       1d9       1%          1
 Slow                     Hex            100%       N/A       1%          1
 Summon Small Mammal      Summ           100%       N/A       1%          1
 Call Imp                 Summ           100%       N/A       1%          2
 Ensorcelled Hibernation  Hex/Ice        100%       N/A       1%          2
 Jinxbite                 Hex            96%        N/A       1%          2
 Lesser Beckoning         Tloc           100%       N/A       1%          2
 Sublimation of Blood     Necr           71%        N/A       1%          2
 Call Canine Familiar     Summ           66%        N/A       1%          3
 Confusing Touch          Hex            48%        N/A       1%          3
 Frozen Ramparts          Ice            100%       1d16      1%          3
 Fugue of the Fallen      Necr           71%        N/A       1%          3
 Gell's Gravitas          Tloc           55%        N/A       1%          3
 Ozocubu's Armour         Ice            78%        N/A       1%          3
 Sigil of Binding         Hex            48%        N/A       1%          3
 Summon Ice Beast         Ice/Summ       73%        N/A       1%          3
 Teleport Other           Tloc           55%        N/A       1%          3
 Tukima's Dance           Hex            48%        N/A       1%          3
 Vampiric Draining        Necr           71%        2d11      1%          3
 Airstrike                Air            63%        2d(10-26) 0%          4
 Brom's Barrelling Bould  Conj/Erth      100%       2d11      0%          4
 Flame Wave               Conj/Fire      100%       2d21      0%          4
 Fulminant Prism          Conj/Alch      53%        3d23      0%          4
 Ignite Poison            Fire/Alch      100%       N/A       0%          4
 Arcjolt                  Conj/Air       63%        1d73      0%          5
 Fireball                 Conj/Fire      63%        3d24      0%          5
 Iskenderun's Battlesphe  Conj           100%       2d15      0%          5
 Plasma Beam              Fire/Air       63%        2x1d79    0%          6
 Starburst                Conj/Fire      63%        6d17      0%          6
 Anguish                  Hex/Necr       30%        N/A       1%          4
 Animate Armour           Summ/Erth      100%       N/A       1%          4
 Animate Dead             Necr           71%        N/A       1%          4
 Cause Fear               Hex            24%        N/A       1%          4
 Dimensional Bullseye     Hex/Tloc       26%        N/A       1%          4
 Iskenderun's Mystic Bla  Conj/Tloc      99%        2d19      1%          4
 Manifold Assault         Tloc           55%        N/A       1%          4
 Martyr's Knell           Necr/Summ      69%        N/A       1%          4
 Olgreb's Toxic Radiance  Alch           76%        N/A       1%          4
 Passage of Golubria      Tloc           55%        N/A       1%          4
 Petrify                  Alch/Erth      86%        N/A       1%          4
 Summon Blazeheart Golem  Fire/Summ      100%       N/A       1%          4
 Summon Lightning Spire   Summ/Air       100%       N/A       1%          4
 Vhi's Electric Charge    Tloc/Air       100%       N/A       1%          4
 Alistair's Intoxication  Alch           50%        N/A       1%          5
 Borgnjor's Vile Clutch   Necr/Erth      42%        N/A       1%          5
 Curse of Agony           Necr           71%        N/A       1%          5
 Irradiate                Conj/Alch      53%        3d29      1%          5
 Lee's Rapid Deconstruct  Erth           47%        3d23*     1%          5
 Metabolic Englaciation   Hex/Ice        32%        N/A       1%          5
 Silence                  Hex/Air        49%        N/A       1%          5
 Summon Forest            Summ/Tloc      30%        N/A       1%          5
 Yara's Violent Unravell  Hex/Alch       32%        3d13      1%          5
 Spellforged Servitor     Conj/Summ      51%        N/A       1%          7
 Lehudib's Crystal Spear  Conj/Erth      56%        10d13     1%          8
 Maxwell's Capacitive Co  Air            63%        ∞         1%          8
 Summon Mana Viper        Hex/Summ       58%        N/A       2%          5
 Sculpt Simulacrum        Ice/Alch       38%        N/A       2%          6
 Eringya's Noxious Bog    Alch           38%        4d6       3%          6
 Death Channel            Necr           35%        N/A       4%          6
 Summon Cactus Giant      Summ           33%        N/A       7%          6
 Ozocubu's Refrigeration  Ice            39%        4d16      13%         7
 Dispersal                Tloc           27%        N/A       16%         6
 Haunt                    Necr/Summ      34%        N/A       28%         7
 Monstrous Menagerie      Summ           33%        N/A       34%         7
 Summon Hydra             Summ           33%        N/A       34%         7
 Enfeeble                 Hex            24%        N/A       75%         7
 Borgnjor's Revivificati  Necr           35%        N/A       86%         8
 Infestation              Necr           35%        N/A       86%         8
 Disjunction              Tloc           27%        N/A       99%         8
 Discord                  Hex            24%        N/A       100%        8
 Death's Door             Necr           35%        N/A       100%        9
 Dragon's Call            Summ           33%        N/A       100%        9
 Polar Vortex             Ice            39%        12d5*     100%        9


Dungeon Overview and Level Annotations

Branches:
Dungeon (15/15)            Temple (1/1) D:7            Lair (5/5) D:11
  Swamp (4/4) Lair:3       Spider (4/4) Lair:3        Slime (5/5) Lair:5
    Orc (2/2) D:9             Elf (3/3) Orc:2        Vaults (5/5) D:13
  Crypt (3/3) Vaults:2       Tomb (3/3) Crypt:3      Depths (4/4) D:15
   Hell (visited)             Dis (7/7) Hell            Geh (7/7) Hell
    Coc (7/7) Hell            Tar (7/7) Hell            Zot (5/5) Depths:4
  Sewer (visited)          WizLab (visited)         Gauntlet (visited)

Altars:
Ashenzari
Cheibriados
Dithmenos
Elyvilon
Fedhas
Gozag
Hepliaklqana
Kikubaaqudgha
Makhleb
Nemelex Xobeh
Okawaru
Qazlal
Ru
Sif Muna
Trog
Uskayaw
Vehumet
Wu Jian
Xom
Yredelemnul
Zin
The Shining One
Jiyva

Shops:
D:3 ![:   D:4 [   D:5 :   D:11 :   Orc:2 :*[(   Elf:1 :!   Elf:2 (   Vaults:1 ?
Vaults:3 !   Vaults:4 ?   Vaults:5 *

Portals:
Hell: Depths:1 Depths:2 Depths:3 Depths:4
Abyss: Depths:2 Depths:3 Depths:4
Pandemonium: Depths:2
Ziggurat: Depths:1

Annotations:
D:7 burn down trees to search for hidden items?
D:10 Need wand of digging.


Innate Abilities, Weirdness & Mutations

You are an undying horror.
Your melee and unarmed attacks drain, slow and weaken victims.
You are immune to unholy pain and torment.
You cannot drink.
Your serpentine skin is tough. (AC +9)
You have supernaturally acute eyesight. (SInv)
Armour fits poorly on your strangely shaped body.
Your system is resistant to poisons. (rPois)
You cover ground very slowly.
You can spit poison.
You can use your snake-like lower body to constrict enemies.


Message History

Confirm with . or Enter, or press ? or * to list all spells.
Lightning arcs from your hands!
The bolt of lightning hits the blizzard demon!!!
The blizzard demon resists.
You kill the blizzard demon!
Cheibriados appreciates the change of pace.
The bolt of lightning hits Cukkiyp!!
Cukkiyp resists.
Cukkiyp is moderately wounded.
The bolt of lightning hits the Orb Guardian!!!
You kill the Orb Guardian!
Cheibriados appreciates the change of pace.
The bolt of lightning hits you! You resist. Cukkiyp gestures at you.
You block the iron shot.
Cukkiyp is knocked back by the blast.
Unknown command.
Unknown command.
Casting: Chain Lightning (mildly dangerous; 2% risk of failure)
Confirm with . or Enter, or press ? or * to list all spells.
Lightning arcs from your hands!
The bolt of lightning hits Cukkiyp!!!
Cukkiyp resists.
Cukkiyp is severely wounded.
Unknown command.
Unknown command.
Casting: Chain Lightning (mildly dangerous; 2% risk of failure)
Confirm with . or Enter, or press ? or * to list all spells.
Lightning arcs from your hands!
The bolt of lightning hits Cukkiyp!!!!
Cukkiyp resists.
You kill Cukkiyp!
Cheibriados appreciates the change of pace.
The bolt of lightning hits you.
Unknown command.
HP restored.
Aiming: Dig
Press: ? - help, Shift-Dir - straight line A rock wall.
This square is covered in magical glow.
The rock shatters into small pieces.
The jackal barks!
The polar bear growls angrily.
There is a staircase leading out of the dungeon here.
You have escaped!

#.........# ##.#
#........8# ##..#
##.#..###..####..##
#..#..#s#...#...##
##.#..#S#..8#.###
#.#..#k#.....#
#.#..#h#..8###
#.#..#h#...#
#z#.)###..##
###......8#
#.......# ##.8.8.##
#.....# #######


There were no monsters in sight!

Vanquished Creatures
  Cerebov (Pan)
  Asmodeus (Geh:7)
  the Royal Jelly (Slime:5)
  Mnoleg (Pan)
  Ereshkigal (Tar:7)
  Lom Lobon (Pan)
  Gloorx Vloq (Pan)
  the Serpent of Hell (Geh:7)
  Dispater (Dis:7)
  12 dread liches
  6 orbs of fire
  13 ancient liches
  Sojobo (Vaults:2)
  2 juggernauts
  Boris (twice) (Tomb:3 Depths:4)
  29 royal mummies
  3 Killer Klowns (Zot:5)
  10 shard shrikes (Coc:7)
  the Lernaean hydra (Swamp:4)
  4 curse toes
  Geryon (Hell)
  14 golden dragons
  12 caustic shrikes
  15 profane servitors
  the Enchantress (Depths:4)
  The ghost of Pikuto the Slayer, an adept MiBe of Trog (Depths:2)
  Arachne (Spider:3)
  Jory (Depths:1)
  A shard shrike zombie (Crypt:1)
  20 bone dragons
  20 Brimstone Fiends
  9 doom hounds
  3 electric golems
  30 tentacled monstrosities
  19 Tzitzimimeh
  2 spectral shard shrikes
  Jorgrun (Swamp:1)
  28 Ice Fiends
  18 hellephants
  26 tainted leviathans
  5 iron giants (Dis:7)
  11 Hell Sentinels
  27 Orb Guardians
  A walking crystal tome (Depths:3)
  A walking earthen tome (Depths:2)
  2 deep elf blademasters (Elf:3)
  9 liches
  7 quicksilver dragons
  11 titans
  36 searing wretches
  13 Executioners
  18 acid blobs
  8 pandemonium lords
  2 eldritch tentacles (Abyss:3)
  5 deep elf master archers
  8 death cobs
  2 tentacled starspawn
  A walking frostbound tome (Depths:3)
  3 thorn hunters
  29 ancient champions
  13 sphinxes
  7 tengu reavers
  11 shadow dragons
  19 storm dragons
  3 revenants
  15 azure jellies
  The ghost of Flugkiller the Warrior, a journeyman MiFi of Cheibriados (Swamp:3)
  4 demonspawn warmongers
  15 fire giants
  21 narguns
  15 rockslimes
  5 protean progenitors
  14 frost giants
  5 draconian monks
  4 fenstrider witches
  9 draconian knights
  5 draconian scorchers
  4 iron dragons
  10 ghost moths
  10 deep elf sorcerers
  Louise (D:15)
  7 emperor scorpions
  4 draconian shifters
  32 balrugs
  9 quicksilver elementals
  2 spectral caustic shrikes (Tar:1)
  5 shard shrike simulacra
  A juggernaut zombie (Depths:1)
  3 very ugly things
  17 vault wardens
  2 draconian stormcallers
  10 ghouls
  4 caustic shrike skeletons
  5 curse skulls
  4 orc warlords
  5 deep elf elementalists
  5 draconian annihilators
  9 cacodemons
  3 demonspawn blood saints (Pan)
  14 reapers
  14 ironbound preservers
  7 ironbound thunderhulks
  3 juggernaut skeletons
  4 spriggan defenders
  The ghost of heinrich the Bludgeoner, a journeyman GrFi of Zin (Orc:2)
  2 formless jellyfish
  4 demonspawn corrupters
  19 stone giants
  5 broodmothers
  22 vampire knights
  27 elemental wellsprings
  10 quicksilver oozes
  10 green draconians
  4 deep elf demonologists (Elf:3)
  6 lorocyprocas
  5 demonspawn black suns
  3 occultists (Abyss:3)
  24 putrid mouths
  6 deep elf death magi
  12 purple draconians
  8 bennus
  6 eleionomae
  16 war gargoyles
  10 black draconians
  A minotaur (Gauntlet)
  10 deep elf annihilators
  A spectral titan (Tar:1)
  6 red draconians
  10 yellow draconians
  8 dire elephants
  6 bunyips
  6 green deaths
  18 wendigos
  4 iron golems
  Snorg (Lair:3)
  8 white draconians
  17 ettins
  9 spark wasps
  2 crystal guardians
  17 eidola
  5 shambling mangroves
  25 mummy priests
  7 blizzard demons
  A spectral iron giant (Tar:3)
  23 hydras
  8 great orbs of eyes
  A peacekeeper (Vaults:4)
  A quicksilver dragon skeleton (Crypt:3)
  2 spectral krakens (Tar:7)
  3 spriggan zombies
  24 jiangshi
  A spectral fenstrider witch (Tar:1)
  17 yaktaur captains
  8 fire dragons
  Fannar (D:10)
  A hell beast (D:3)
  8 spriggan air magi
  8 entropy weavers
  14 deep elf high priests
  3 rakshasas
  5 spectral spriggans
  31 vault guards
  18 centaur warriors
  12 caustic shrike simulacra
  10 ice dragons
  5 juggernaut simulacra
  11 two-headed ogres
  2 salamander tyrants
  3 ghost crabs
  13 ironbound frosthearts
  4 ogre magi
  6 spriggan skeletons
  4 radroaches
  7 catoblepae
  45 dancing weapons
  11 stokers
  5 death knights
  6 death yaks (Lair:5)
  A deep troll shaman (Depths:2)
  A spectral stone giant (Tar:1)
  4 jorogumos
  13 alligators
  A merfolk avatar (Abyss:3)
  The ghost of Konrad the Carver, a novice MiHu of Gozag (D:8)
  4 tengu warriors
  16 vampire magi
  12 boulder beetles
  2 fenstrider witch skeletons (Crypt:2)
  2 deep troll earth magi
  2 spectral dire elephants
  2 satyrs (Zot:5)
  68 death scarabs
  24 hell hogs
  A shock serpent (Zig:2)
  5 demonic crawlers
  A hell knight (Vaults:5)
  43 sun demons
  3 spectral emperor scorpions (Pan)
  Urug (D:10)
  2 titan zombies
  6 storm dragon zombies (Crypt:3)
  A thrashing horror (Zig:3)
  2 spriggan berserkers
  3 crystal echidnas
  A shock serpent (shapeshifter) (Vaults:5)
  4 orc high priests
  15 soul eaters
  An iron troll (Zig:11)
  3 naga sharpshooters
  3 titan skeletons
  3 wretched stars
  14 deep elf knights
  A skyshark (shapeshifter) (Zot:1)
  6 pharaoh ants
  A salamander mystic (Depths:2)
  A hellephant skeleton (Pan)
  25 shadow wraiths
  2 quicksilver dragon simulacra
  16 sixfirhies
  8 goliath frogs
  5 golden dragon zombies
  6 orb spiders
  2 spectral bunyips
  6 glowing orange brains
  7 shadow demons
  4 spriggan druids
  A mana viper (shapeshifter) (Vaults:5)
  36 skeletal warriors
  32 deep trolls
  An orb spider (shapeshifter) (Vaults:5)
  2 bog bodies
  9 swamp dragons
  An obsidian statue (Depths:2)
  A shadow dragon zombie (Depths:1)
  4 anaconda skeletons
  A deep troll (shapeshifter) (Vaults:5)
  6 arcanists
  6 flayed ghosts
  8 lindwurms
  6 sun moths
  20 orc knights
  11 deep elf archers
  3 harpies (Vaults:5)
  3 bunyip skeletons
  22 deep elf zephyrmancers
  18 phantasmal warriors
  A spectral hydra (Tar:2)
  A golden dragon skeleton (Crypt:2)
  A spriggan simulacrum (Coc:6)
  27 deep elf pyromancers
  18 large abominations
  A shadow dragon skeleton (Depths:2)
  8 steelbarb worms
  13 necromancers
  21 ironbound convokers
  7 oklob plants
  4 manticores
  3 shining eyes
  5 will-o-the-wisps
  A fire giant zombie (Depths:2)
  28 ugly things
  Maurice (D:12)
  11 orc sorcerers
  29 wolf spiders
  10 cyclopes
  The ghost of Yehuk the Covered, a novice GrFi (D:7)
  A cyclops (shapeshifter) (Depths:2)
  2 spectral alligator snapping turtles (Tar:3)
  A stone giant skeleton (Crypt:2)
  2 worldbinders
  An alligator skeleton (Hell)
  6 rust devils
  2 fauns (WizLab)
  A moth of wrath (shapeshifter) (Depths:4)
  An iron dragon skeleton (Tomb:3)
  3 meliai (Spider:4)
  3 salamanders (Depths:2)
  2 naga zombies
  28 moths of wrath
  15 vault sentinels
  8 black mambas
  17 elephants
  24 smoke demons
  A torpor snail (shapeshifter) (Vaults:5)
  2 dire elephant zombies (Tomb:1)
  3 gargoyles (D:13)
  An ice statue (Coc:7)
  11 torpor snails
  3 naga skeletons (Crypt:2)
  11 cane toads
  5 kobold blastminers
  A titan simulacrum (Coc:4)
  6 orange demons
  2 eyes of devastation
  3 efreet (Pan)
  33 hellions
  7 spectral swamp worms (Tar:7)
  Jeremiah (D:6)
  2 dire elephant skeletons (Crypt:2)
  3 kobold demonologists
  2 sea snake zombies (Hell)
  An alligator snapping turtle skeleton (Crypt:2)
  An ice devil (Pan)
  A white draconian zombie (Crypt:2)
  3 centaur skeletons (Crypt:2)
  An unseen horror (shapeshifter) (Depths:1)
  3 tengu conjurers
  3 harpy zombies (Crypt:3)
  26 tormentors
  A bunyip simulacrum (Coc:2)
  7 anaconda simulacra
  4 komodo dragons
  44 yaktaurs
  A golden dragon simulacrum (Coc:6)
  An iron giant simulacrum (Coc:4)
  2 sea snake skeletons
  10 freezing wraiths
  3 spectral nagas
  2 red devils
  3 spectral harpies
  A pale draconian skeleton (Crypt:1)
  42 guardian mummies
  A hydra zombie (Hell)
  2 silent spectres
  15 trolls
  Grinder (D:4)
  19 tarantellas
  2 harpy skeletons
  2 polar bears
  A polar bear (shapeshifter) (D:15)
  A hellwing (Pan)
  16 hornets
  3 raiju (Abyss:3)
  17 tyrant leeches
  An ettin zombie (Tomb:3)
  13 blink frogs
  A frost giant simulacrum (Depths:2)
  An iron dragon simulacrum (Coc:2)
  13 dream sheep
  5 glass eyes
  80 slime creatures
  20 culicivoras
  4 small abominations
  3 air elementals
  2 naga simulacra
  22 ynoxinuls
  20 jumping spiders
  A shadow (D:13)
  8 water elementals
  3 ettin skeletons
  2 humans (D:13)
  5 wraiths
  Eustachio (D:4)
  A culicivora (shapeshifter) (Vaults:5)
  A slime creature zombie (Crypt:2)
  An ice dragon skeleton (Crypt:2)
  6 spriggans
  22 vampires
  3 black mamba skeletons
  2 dire elephant simulacra
  3 wyverns
  3 fire bats (Pan)
  A yak (shapeshifter) (D:13)
  A fire bat (shapeshifter) (D:15)
  2 golden eyes (Zig:10)
  26 ushabtiu
  5 basilisks
  A steam dragon (D:5)
  A fire elemental (Elf:3)
  12 chaos spawn
  78 yaks
  7 wargs
  46 redbacks
  34 vampire mosquitoes
  23 neqoxecs
  3 acid dragons
  11 swamp worms
  11 harpy simulacra
  16 water moccasins
  4 hydra simulacra
  9 hell hounds
  2 faun skeletons
  A glowing shapeshifter skeleton (Depths:2)
  9 swamp drakes
  38 orc warriors
  A snapping turtle zombie (Crypt:3)
  A sky beast (D:8)
  2 ice beasts
  2 black bears
  2 blink frog zombies
  37 laughing skulls
  7 ettin simulacra
  8 centaurs
  A manticore skeleton (Crypt:3)
  13 ogres
  21 wolves
  A boggart (Vaults:1)
  42 starcursed masses
  A swamp dragon skeleton (Crypt:2)
  4 phantoms
  A torpor snail zombie (Crypt:3)
  An elf zombie (Crypt:2)
  23 kobold brigands
  14 bullfrogs
  2 necrophages
  5 scorpions
  12 gnoll sergeants
  2 earth elementals
  14 wights
  A warg skeleton (Crypt:3)
  18 killer bees
  8 electric eels
  9 howler monkeys
  A crimson imp (Abyss:1)
  5 bombardier beetles
  2 quasits (Abyss:3)
  2 iron imps
  14 hounds
  8 jellies
  26 orc priests
  3 gnoll boudas (D:5)
  A sleepcap (D:7)
  Terence (D:3)
  11 hell rats
  4 iguanas
  24 orc wizards
  An ogre skeleton (Crypt:3)
  43 mummies
  A howler monkey zombie (Crypt:1)
  48 gnolls
  4 adders
  3 river rats
  4 shadow imps
  5 white imps
  A ribbon worm zombie (Crypt:1)
  6 ufetubi
  3 dart slugs
  7 ribbon worms
  73 orcs
  8 endoplasms
  3 giant cockroaches
  7 goblins
  6 hobgoblins
  11 jackals
  2 quokkas
  11 ball pythons
  A ball python skeleton (Crypt:1)
  3 bats
  2 bombardier beetle zombies
  A frilled lizard (D:3)
  A hobgoblin skeleton (Crypt:1)
  30 kobolds
  A kobold zombie (Crypt:1)
  10 rats
  A spectral goblin (D:6)
  3 ball lightnings (Pan)
  4 creeping infernos
  16 fire vortices
  A lurking horror (Abyss:3)
  4 starspawn tentacles
  2 tentacles (Tar:7)
4018 creatures vanquished.

Vanquished Creatures (collateral kills)
  Antaeus (Coc:7)
  An Executioner (Pan)
  A wolf spider (Spider:4)
  A tormentor (Geh:4)
  A kobold brigand (Sewer)
  A kobold (Sewer)
  A rat (Sewer)
7 creatures vanquished.

Vanquished Creatures (others)
  A shard shrike (Coc:7)
  2 eldritch tentacles (Abyss:3)
  A shard shrike simulacrum (Coc:3)
  2 vampire knights (Depths:3)
  A lorocyproca (Pan)
  A war gargoyle (Dis:7)
  3 caustic shrike simulacra
  A hell hog (Geh:6)
  A deep elf knight (Elf:1)
  A sun demon (Pan)
  A spriggan simulacrum (Coc:7)
  A faun (WizLab)
  A cyclops (D:15)
  4 titan simulacra
  A tormentor (Coc:2)
  A hellwing (Pan)
  An iron giant simulacrum (Coc:7)
  A bloated husk (Zig:5)
  A fire bat (Pan)
  A spriggan (Swamp:4)
  A dire elephant simulacrum (Coc:2)
  2 harpy simulacra
  A hydra simulacrum (Coc:6)
  2 laughing skulls (Zot:4)
  A human (D:8)
  39 ball lightnings
  2 creeping infernos (Geh:7)
  44 fire vortices
  38 foxfires
  4 starspawn tentacles (Abyss:3)
  11 tentacles (Tar:7)
172 creatures vanquished.

Grand Total: 4197 creatures vanquished

Notes
Turn   | Place    | Note
-------+----------+-------------------------------------------
     0 | D:1      | bottledwater03 the Naga Hedge Wizard began the quest for
                  | the Orb.
     0 | D:1      | Reached XP level 1. HP: 15/15 MP: 4/4
     6 | D:1      | Noticed a redback
     6 | D:1      | Noticed a black mamba
     6 | D:1      | Noticed a rime drake
     6 | D:1      | Noticed a polar bear
    90 | D:1      | Found a faded altar of an unknown god.
   236 | D:1      | Reached XP level 2. HP: 22/22 MP: 0/6
   239 | D:1      | Learned a level 2 spell: Call Imp
  1020 | D:2      | Reached XP level 3. HP: 28/28 MP: 6/8
  1024 | D:2      | Learned a level 3 spell: Mephitic Cloud
  1027 | D:2      | Learned a level 2 spell: Blink
  1364 | D:2      | Found a basalt altar of Yredelemnul.
  1742 | D:3      | Found a broken altar of Ashenzari.
  1838 | D:3      | Found a glowing drain.
  1852 | D:3      | Reached skill level 1 in Alchemy
  1873 | D:3      | Reached skill level 1 in Air Magic
  1873 | D:3      | Noticed Terence
  1885 | D:3      | Killed Terence
  1886 | D:3      | Reached XP level 4. HP: 36/36 MP: 7/9
  1893 | Sewer    | Entered a sewer
  1915 | Sewer    | Noticed a kobold brigand
  1944 | Sewer    | Noticed a kobold brigand
  1944 | Sewer    | Noticed a kobold brigand
  2049 | Sewer    | Killed a kobold brigand
  2050 | Sewer    | Reached XP level 5. HP: 39/42 MP: 8/10
  2107 | Sewer    | Noticed a kobold brigand
  2107 | Sewer    | Noticed a kobold brigand
  2241 | Sewer    | Killed a kobold brigand
  2265 | Sewer    | Killed a kobold brigand
  2266 | Sewer    | Reached XP level 6. HP: 44/49 MP: 6/11
  2605 | Sewer    | Reached XP level 7. HP: 55/55 MP: 11/14
  2757 | Sewer    | Reached skill level 5 in Spellcasting
  3010 | Sewer    | Reached skill level 1 in Staves
  3010 | Sewer    | Reached skill level 1 in Evocations
  3029 | Sewer    | Reached skill level 1 in Fighting
  3152 | D:3      | Found Keojoal's Antique Armour Shop.
  3259 | D:3      | Found Pyeluops's Distillery.
  3350 | D:3      | Found Koruegue's Book Boutique.
  3581 | D:4      | Identified the +2 quarterstaff of Zoovask {pain, rPois
                  | Str+2}
  3658 | D:4      | Found a transporter.
  3658 | D:4      | Found Kahunes's Armour Boutique.
  3660 | D:4      | Found a transporter.
  3762 | D:4      | Noticed Eustachio
  4003 | D:4      | Reached XP level 8. HP: 61/64 MP: 11/15
  4121 | D:4      | Killed Eustachio
  4122 | D:4      | Reached skill level 5 in Stealth
  4361 | D:4      | Noticed Grinder
  4613 | D:5      | Entered Level 5 of the Dungeon
  4715 | D:5      | Reached skill level 5 in Conjurations
  4828 | D:5      | Reached skill level 1 in Earth Magic
  5402 | D:5      | Reached XP level 9. HP: 68/73 MP: 7/17
  5416 | D:5      | Learned a level 4 spell: Leda's Liquefaction
  5543 | D:5      | Learned a level 3 spell: Hailstorm
  5547 | D:5      | Learned a level 3 spell: Summon Ice Beast
  5623 | D:5      | Found Xeunt's Book Boutique.
  5737 | D:5      | Reached skill level 1 in Ice Magic
  6311 | D:5      | Identified the +11 quarterstaff of Starshine {freeze, rCorr
                  | MP-9 Int+3 Stlth+}
  6462 | D:5      | Reached skill level 1 in Polearms
  6942 | D:6      | Found a glowing silver altar of Zin.
  7108 | D:6      | Noticed Jeremiah
  7127 | D:6      | Killed Jeremiah
  7128 | D:6      | Reached XP level 10. HP: 72/80 MP: 12/20
  7175 | D:6      | Learned a level 4 spell: Sticky Flame
  7214 | D:6      | Found a sparkling altar of Nemelex Xobeh.
  7348 | D:6      | Found a burning altar of Makhleb.
  7393 | D:6      | Noticed a kobold demonologist
  7418 | D:6      | Noticed a kobold demonologist
  7421 | D:6      | Killed a kobold demonologist
  7422 | D:6      | Reached skill level 1 in Fire Magic
  7439 | D:6      | Killed a kobold demonologist
  7440 | D:6      | Reached skill level 5 in Alchemy
  7549 | D:6      | Found a hazy altar of Hepliaklqana.
  7903 | D:7      | Found an ornate altar of the Wu Jian Council.
  8109 | D:7      | Found a runed translucent gate.
  8110 | D:7      | Found a runed translucent gate.
  8113 | D:7      | Found a runed translucent gate.
  8113 | D:7      | Noticed Yehuk's ghost (novice GrFi)
  8154 | D:7      | Found a staircase to the Ecumenical Temple.
  8168 | Temple   | Entered the Ecumenical Temple
  8174 | Temple   | Became a worshipper of Cheibriados the Contemplative
  8276 | D:7      | Noticed a two-headed ogre
  8298 | D:7      | Killed a two-headed ogre
  8684 | D:7      | Reached * piety under Cheibriados
  8720 | D:7      | Noticed a centaur warrior
  8883 | D:7      | Reached XP level 11. HP: 29/85 MP: 8/23
  8965 | D:7      | Noticed a boulder beetle
  8976 | D:7      | Killed a boulder beetle
  8976 | D:7      | Noticed an eight-headed hydra
  9107 | D:7      | Killed an eight-headed hydra
  9108 | D:7      | Reached skill level 5 in Earth Magic
  9115 | D:7      | Learned a level 6 spell: Bombard
  9145 | D:7      | Noticed a deep elf pyromancer
  9158 | D:7      | Killed a centaur warrior
  9175 | D:7      | Killed a deep elf pyromancer
  9338 | D:7      | Identified the ring "Gikyejiz" {rF+ rN+ Will- rCorr Slay+5}
  9550 | D:8      | Noticed Konrad's ghost (novice MiHu)
  9550 | D:8      | Found a runed translucent door.
  9550 | D:8      | Found a shimmering altar of Xom.
  9551 | D:8      | Noticed a +1 dagger of chaos
  9594 | D:8      | Found an ancient bone altar of Kikubaaqudgha.
  9682 | D:8      | Found a bloodstained altar of Trog.
  9737 | D:8      | Reached ** piety under Cheibriados
  9836 | D:8      | Found a basalt altar of Yredelemnul.
  9897 | D:8      | Reached skill level 10 in Conjurations
 10186 | D:9      | Reached *** piety under Cheibriados
 10272 | D:8      | Reached skill level 10 in Spellcasting
 10352 | D:9      | Reached **** piety under Cheibriados
 10436 | D:9      | Identified the staff "Heismiji" {rElec rN+ Str+3 Int-3
                  | Dex+4 Necro}
 10481 | D:9      | Found a white marble altar of Elyvilon.
 10484 | D:9      | Noticed a cyclops
 10495 | D:9      | Killed a cyclops
 10620 | D:9      | Found a staircase to the Orcish Mines.
 10664 | D:9      | Found an opulent altar of Gozag.
 10771 | D:9      | Found a shadowy altar of Dithmenos.
 10777 | D:9      | Reached XP level 12. HP: 90/93 MP: 26/26
 11272 | Orc:1    | Entered Level 1 of the Orcish Mines
 11272 | Orc:1    | Noticed an orc warlord
 11323 | D:10     | Entered Level 10 of the Dungeon
 11463 | D:10     | Reached skill level 1 in Shields
 11540 | D:10     | Learned a level 4 spell: Dispel Undead
 11758 | D:7      | Reached skill level 1 in Necromancy
 11758 | D:7      | Reached ***** piety under Cheibriados
 11767 | D:7      | Killed Yehuk's ghost
 12081 | D:4      | Killed Grinder
 12204 | D:8      | Killed a +1 dagger of chaos
 12207 | D:8      | Killed Konrad's ghost
 12605 | D:10     | Noticed Urug
 12618 | D:10     | Killed Urug
 12619 | D:10     | Reached skill level 2 in Shields
 12668 | D:10     | Noticed a two-headed ogre
 12699 | D:10     | Killed a two-headed ogre
 12700 | D:10     | Reached skill level 3 in Shields
 12902 | D:10     | Noticed Fannar
 12914 | D:10     | Killed Fannar
 12918 | D:10     | Reached skill level 4 in Shields
 13149 | D:10     | Identified the +0 leather armour of the Red God {rElec
                  | Str+3}
 13252 | D:10     | Found a shimmering altar of Xom.
 13252 | D:10     | Found a shimmering altar of Xom.
 13252 | D:10     | Found a shimmering altar of Xom.
 13252 | D:10     | Found a shimmering altar of Xom.
 13252 | D:10     | Found a shimmering altar of Xom.
 13252 | D:10     | Found a shimmering altar of Xom.
 13252 | D:10     | Found a shimmering altar of Xom.
 13253 | D:10     | Found a shimmering altar of Xom.
 13253 | D:10     | Found a shimmering altar of Xom.
 13492 | D:11     | Noticed a boulder beetle
 13557 | D:11     | Noticed a two-headed ogre
 13591 | D:11     | Killed a two-headed ogre
 13663 | D:11     | Found Waerph's Book Shoppe.
 13667 | D:11     | Bought a book of Vapours for 338 gold pieces
 13732 | D:11     | Reached skill level 5 in Shields
 13744 | D:11     | Gained mutation: You can use your snake-like lower body to
                  | constrict enemies. [Naga growth]
 13744 | D:11     | Reached XP level 13. HP: 80/99 MP: 21/28
 13843 | D:11     | Found a staircase to the Lair.
 13862 | D:11     | Reached skill level 6 in Shields
 14501 | D:12     | Identified the +7 sling "Paenuf" {elec, rElec SInv}
 14501 | D:12     | Noticed Maurice
 14516 | D:12     | Killed Maurice
 15003 | D:12     | Identified the +4 pair of gloves of Guawnimysh {^Contam
                  | rPois rCorr Str-5 Int+6}
 15144 | Lair:1   | Entered Level 1 of the Lair of Beasts
 15195 | Lair:1   | Found a snail-covered altar of Cheibriados.
 15346 | Lair:1   | Reached skill level 10 in Stealth
 16018 | Lair:2   | Reached ****** piety under Cheibriados
 16033 | Lair:2   | Reached XP level 14. HP: 105/108 MP: 21/31
 16097 | Lair:2   | Found a gate leading to a gauntlet.
 16109 | Gauntlet | Entered a Gauntlet
 16109 | Gauntlet | Found a transporter.
 16109 | Gauntlet | Found a runed translucent door.
 16109 | Gauntlet | Found a transporter.
 16111 | Gauntlet | Found a transporter.
 16111 | Gauntlet | Found a transporter.
 16113 | Gauntlet | Found a runed translucent door.
 16123 | Gauntlet | Found a transporter.
 16125 | Gauntlet | Found a transporter.
 16128 | Gauntlet | Found a transporter.
 16168 | Gauntlet | Found a transporter.
 16171 | Gauntlet | Found a transporter.
 16171 | Gauntlet | Found a transporter.
 16175 | Gauntlet | Found a runed translucent door.
 16193 | Gauntlet | Found a transporter.
 16201 | Gauntlet | Found a transporter.
 16202 | Gauntlet | Found a runed translucent door.
 16229 | Gauntlet | Found a transporter.
 16233 | Gauntlet | Found a transporter.
 16358 | Gauntlet | Identified the +7 barding "Qiski" {+Blink rN+}
 16467 | Gauntlet | Identified the ring "Ycadutal" {rElec rF+ rC- Str+5}
 16484 | Gauntlet | Learned a level 5 spell: Freezing Cloud
 17369 | Lair:3   | Noticed Snorg
 17375 | Lair:3   | Killed Snorg
 17593 | Lair:3   | Found a hole to the Spider Nest.
 17729 | Lair:3   | Reached skill level 7 in Shields
 17833 | Lair:3   | Found a staircase to the Swamp.
 17904 | Lair:3   | Reached skill level 5 in Invocations
 18224 | Lair:3   | Found a runed translucent door.
 18667 | Swamp:1  | Entered Level 1 of the Swamp
 18742 | Swamp:1  | Reached skill level 8 in Shields
 18954 | Swamp:1  | Noticed Jorgrun
 18966 | Swamp:1  | Killed Jorgrun
 18967 | Swamp:1  | Reached skill level 5 in Fighting
 19016 | Swamp:1  | Reached XP level 15. HP: 82/123 MP: 21/33
 19617 | Swamp:2  | Reached skill level 1 in Shapeshifting
 20059 | Swamp:3  | Identified the +1 leather armour of Gozag's Whim {rC+ Str+5
                  | Int-2}
 20169 | Swamp:3  | Found a runed translucent door.
 20169 | Swamp:3  | Noticed Flugkiller's ghost (journeyman MiFi)
 20169 | Swamp:3  | Found a shimmering altar of Xom.
 20211 | Swamp:3  | Reached skill level 5 in Shapeshifting
 20721 | Swamp:3  | Killed Flugkiller's ghost
 20838 | Swamp:4  | Entered Level 4 of the Swamp
 21003 | Swamp:4  | Noticed a thorn hunter
 21011 | Swamp:4  | Killed a thorn hunter
 21330 | Swamp:4  | Reached XP level 16. HP: 91/133 MP: 2/34
 21777 | Swamp:4  | Noticed a tentacled monstrosity
 21783 | Swamp:4  | Killed a tentacled monstrosity
 21784 | Swamp:4  | Reached skill level 10 in Shapeshifting
 21993 | Swamp:4  | Noticed a thorn hunter
 22002 | Swamp:4  | Killed a thorn hunter
 22117 | Swamp:4  | Noticed the 27-headed Lernaean hydra
 22141 | Swamp:4  | Killed the 27-headed Lernaean hydra
 22274 | Swamp:4  | Got a decaying rune of Zot
 22435 | Spider:1 | Entered Level 1 of the Spider Nest
 22457 | Spider:1 | Identified the +0 ring mail "Detitimpa" {Dex+3}
 22674 | Spider:1 | Paralysed by a hornet for 3 turns
 23253 | Spider:2 | Got Quuqat's Secrets of Bewitching Chilblains
 23623 | Spider:3 | Reached XP level 17. HP: 131/140 MP: 15/35
 23750 | Spider:3 | Noticed Arachne
 23766 | Spider:3 | Killed Arachne
 24218 | Spider:3 | Reached skill level 15 in Shapeshifting
 24995 | Spider:4 | Entered Level 4 of the Spider Nest
 26039 | Spider:4 | Reached XP level 18. HP: 126/147 MP: 28/36
 26352 | Spider:4 | Identified the scarf of the True Pharaoh {repulsion, Dex-3
                  | Slay+4}
 26365 | Spider:4 | Got a gossamer rune of Zot
 26372 | Spider:4 | Identified the scarf of Benevolence {harm, +Inv rElec rF-
                  | Str+6}
 26711 | Lair:4   | Learned a level 7 spell: Orb of Destruction
 27376 | Lair:5   | Entered Level 5 of the Lair of Beasts
 27465 | Lair:5   | Found a staircase to the Slime Pits.
 27480 | Lair:5   | Found a viscous altar of Jiyva.
 28745 | Orc:1    | Found a bloodstained altar of Trog.
 28872 | Orc:2    | Entered Level 2 of the Orcish Mines
 28978 | Orc:2    | Found a runed translucent door.
 29417 | Orc:2    | Found a shimmering altar of Xom.
 29417 | Orc:2    | Noticed heinrich's ghost (journeyman GrFi)
 29429 | Orc:2    | Killed heinrich's ghost
 29757 | Orc:2    | Found a staircase to the Elven Halls.
 30204 | Orc:2    | Found Imicuero's Weapon Emporium.
 30204 | Orc:2    | Found Tyexkyer's Book Emporium.
 30205 | Orc:2    | Found Jaysasch's Antique Armour Shop.
 30205 | Orc:2    | Found Ufaunum's Assorted Antiques.
 30217 | Orc:2    | Bought a scroll of teleportation for 96 gold pieces
 30217 | Orc:2    | Bought a runed scarf for 256 gold pieces
 30226 | Orc:2    | Bought a runed cloak for 225 gold pieces
 30226 | Orc:2    | Bought a pair of faintly humming gloves for 285 gold pieces
 30226 | Orc:2    | Identified the +1 pair of gloves of the Sparrow {rElec
                  | Will+} (You bought it in a shop on level 2 of the Orcish
                  | Mines)
 30261 | Elf:1    | Entered Level 1 of the Elven Halls
 30385 | Elf:1    | Paralysed by an air elemental for 1 turns
 30394 | Elf:1    | Paralysed by an air elemental for 1 turns
 30411 | Elf:1    | Found Egalyff's Book Shop.
 30417 | Elf:1    | Found Niet Boe's Distillery.
 30419 | Elf:1    | Bought a manual of Conjurations for 1280 gold pieces
 30519 | Elf:1    | Reached XP level 19. HP: 91/154 MP: 33/37
 31260 | Elf:2    | Found Kezeniq's Weapon Shop.
 31559 | Elf:2    | Paralysed by an air elemental for 1 turns
 31747 | Elf:2    | Found a runed translucent gate.
 31747 | Elf:2    | Found a runed translucent gate.
 31750 | Elf:2    | Found a runed translucent gate.
 32535 | Elf:3    | Entered Level 3 of the Elven Halls
 32736 | Elf:3    | Paralysed by an air elemental for 1 turns
 33495 | Elf:3    | Identified the +3 mace "Pyorr" {drain, Str+2 SInv}
 33589 | Elf:3    | Reached XP level 20. HP: 119/162 MP: 7/38
 34102 | Elf:3    | Identified the amulet of Gulug {^Drain rPois Regen+ Dex-2
                  | Slay+5}
 34131 | Elf:3    | Identified the +9 plate armour of the Fiend {Fly rC- Str-5
                  | Dex+9}
 34434 | Elf:3    | Found the +8 storm bow {elec, penet}
 34454 | Elf:3    | Identified the +1 robe of Relativism {Will+ Regen+ Str+6}
 34534 | Elf:3    | Identified the +4 sling "Xexkef" {freeze, rF+ rC- Str+2
                  | Stlth+}
 34546 | Elf:3    | Identified the +1 pair of boots "Nibluwn" {+Blink rElec rC-
                  | rCorr}
 34552 | Elf:3    | Identified the +9 scale mail "Juirewaf" {Will+}
 34805 | Orc:2    | Bought a manual of Axes for 1040 gold pieces
 35714 | D:13     | Found a gate to the Vaults.
 35835 | D:13     | Found a snail-covered altar of Cheibriados.
 36318 | Vaults:1 | Entered Level 1 of the Vaults
 37083 | Vaults:1 | Found Relope's Magic Scroll Shoppe.
 37091 | Vaults:1 | Bought a scroll of summoning for 152 gold pieces
 37091 | Vaults:1 | Bought a scroll of teleportation for 48 gold pieces
 37091 | Vaults:1 | Bought a scroll of teleportation for 48 gold pieces
 37705 | Vaults:2 | Reached skill level 10 in Fighting
 37922 | Vaults:2 | Identified the storm talisman of Infinity {rN+}
 37922 | Vaults:2 | Noticed Sojobo
 37937 | Vaults:2 | Paralysed by an air elemental for 1 turns
 37941 | Vaults:2 | Paralysed by an air elemental for 1 turns
 37943 | Vaults:2 | Killed Sojobo
 37944 | Vaults:2 | Reached XP level 21. HP: 109/187 MP: 14/39
 38435 | Vaults:2 | Found a staircase to the Crypt.
 39194 | Vaults:3 | Reached skill level 1 in Armour
 39550 | Vaults:3 | Found Qorph's Distillery.
 39554 | Vaults:3 | Bought a potion of cancellation for 160 gold pieces
 40613 | Vaults:4 | Found a portal to a secret trove of treasure.
 40730 | Vaults:4 | Reached skill level 9 in Shields
 40814 | Vaults:4 | Found Laed Gung's Magic Scroll Boutique.
 40820 | Vaults:4 | Bought a scroll of blinking for 120 gold pieces
 40820 | Vaults:4 | Bought a scroll of teleportation for 48 gold pieces
 40820 | Vaults:4 | Bought a scroll of blinking for 120 gold pieces
 40820 | Vaults:4 | Bought a scroll of teleportation for 48 gold pieces
 40820 | Vaults:4 | Bought a scroll of teleportation for 48 gold pieces
 40820 | Vaults:4 | Bought a scroll of blinking for 120 gold pieces
 40820 | Vaults:4 | Identified the ring of Jurera {rElec rF+ Str+5 Dex+2}
 40852 | Vaults:4 | Reached XP level 22. HP: 181/207 MP: 32/40
 41322 | Crypt:1  | Entered Level 1 of the Crypt
 41329 | Crypt:1  | Reached skill level 1 in Axes
 41437 | Crypt:1  | Reached skill level 5 in Axes
 42356 | D:14     | You fall into a shaft and drop 1 floor!
 42356 | D:15     | Entered Level 15 of the Dungeon
 42388 | D:15     | Noticed Louise
 42399 | D:15     | Killed Louise
 42400 | D:15     | Reached skill level 10 in Axes
 42427 | D:15     | Found a stormy altar of Qazlal.
 42710 | D:15     | Found a staircase to the Depths.
 43686 | Depths:1 | Entered Level 1 of the Depths
 43700 | Depths:1 | Found a one-way gateway to a ziggurat.
 44022 | Vaults:4 | You paid a toll of +3 shadow dragon scales to enter a
                  | treasure trove
 44023 | Trove    | Entered a treasure trove
 44035 | Trove    | Identified the +0 barding of the Orange Skies {Harm Will+
                  | Dex+3 Stlth-}
 44037 | Trove    | Identified the +0 barding "Rali Ehi" {Dex+4}
 44038 | Trove    | Identified the +2 barding "Nenigod" {Regen+ Int+2}
 44051 | Trove    | Identified the +4 barding "Lucexz Nolo" {rF+}
 44052 | Trove    | Identified the +1 barding of Gyfezyre {rC+ Regen+ Str+2
                  | Slay+2}
 44348 | Depths:1 | Found a radiant altar of Vehumet.
 44424 | Depths:1 | Identified the +3 scale mail "Somai" {Harm rElec Will-
                  | Int-4}
 44462 | Depths:1 | Found a gateway to Hell.
 44598 | Depths:1 | Reached skill level 15 in Conjurations
 44638 | Depths:1 | Reached XP level 23. HP: 214/214 MP: 41/41
 44711 | Depths:1 | Noticed Jory
 44728 | Depths:1 | Killed Jory
 44742 | Depths:1 | Identified the staff of the Scorching Fulmar {rElec Dex+5
                  | Air}
 44743 | Depths:1 | Identified the +4 glaive "Giantbane" {vamp, ^Fragile rC+++
                  | Str-4 Int+3}
 45321 | Depths:2 | Found a one-way gate to the infinite horrors of the Abyss.
 45391 | Depths:2 | Found a one-way gate leading to the halls of Pandemonium.
 45661 | Depths:2 | Found a runed translucent gate.
 45661 | Depths:2 | Found a runed translucent gate.
 45709 | Depths:2 | Noticed a juggernaut
 45710 | Depths:2 | Found a runed translucent gate.
 45711 | Depths:2 | Noticed Pikuto's ghost (adept MiBe)
 45875 | Depths:2 | Identified the ring of Orufoy {rC+ EV+5}
 45928 | Depths:2 | Identified the staff "Rahiof" {rN+ Will+ Necro Fire Air}
 46476 | Depths:2 | Killed a juggernaut
 46480 | Depths:2 | Reached skill level 5 in Armour
 46503 | Depths:2 | Killed Pikuto's ghost
 46584 | Depths:3 | Found a magical portal.
 46607 | WizLab   | Entered Eringya's Formal Garden
 46690 | WizLab   | Got Eringya's Parchment of Transmutation
 47002 | WizLab   | Found a blossoming altar of Fedhas.
 47349 | Depths:3 | Noticed a golden dragon
 47362 | Depths:3 | Killed a golden dragon
 47432 | Depths:3 | Reached XP level 24. HP: 209/224 MP: 41/41
 47479 | Depths:3 | Identified the +0 rapier "Zeyssir" {heavy, rElec rPois
                  | rCorr Str+4 Int-3}
 47881 | Depths:3 | Reached skill level 10 in Shields
 47968 | Depths:3 | Noticed a caustic shrike
 47974 | Depths:3 | Killed a caustic shrike
 47983 | Depths:3 | Reached skill level 15 in Fighting
 48009 | Depths:3 | Identified the +2 cloak "Puum" {rF+ rCorr}
 48446 | Slime:1  | Entered Level 1 of the Pits of Slime
 48647 | Slime:5  | Entered Level 5 of the Pits of Slime
 48693 | Slime:5  | Noticed the Royal Jelly
 48756 | Slime:5  | Killed the Royal Jelly
 48757 | Slime:5  | Reached skill level 5 in Dodging
 48787 | Slime:5  | Found the +6 Majin-Bo {spellvamp, MP+6 Int+6}
 48947 | Slime:5  | Got a slimy rune of Zot
 49008 | Slime:5  | Identified the +0 leather armour of Dishonesty {Will++
                  | Dex+3}
 49010 | Slime:5  | Identified the amulet "Ygech" {Harm rPois Regen+ Dex+2
                  | SInv}
 49032 | Slime:5  | Identified the +4 plate armour of the Kangaroo {Will+++
                  | MP+9 Slay-3 SInv}
 49050 | Slime:5  | Identified the staff of Viestaa {Dex+2 Earth}
 49079 | Slime:5  | Identified the +2 ring mail "Esoklaab" {rElec}
 49086 | Slime:5  | Identified the +0 spear "Keran" {antimagic, Will+ Dex+2}
 49152 | Slime:5  | Learned a level 6 spell: Conjure Ball Lightning
 49525 | Vaults:5 | Entered Level 5 of the Vaults
 49530 | Vaults:5 | Reached skill level 11 in Shields
 49758 | Vaults:5 | Noticed a dread lich
 49763 | Vaults:5 | Reached XP level 25. HP: 235/236 MP: 41/41
 49768 | Vaults:5 | Killed a dread lich
 49769 | Vaults:5 | Reached skill level 5 in Fire Magic
 49794 | Vaults:5 | Noticed an ancient lich
 49803 | Vaults:5 | Killed an ancient lich
 49951 | Vaults:5 | Identified the +5 sling of Gravity {heavy, rElec Str+3}
 49951 | Vaults:5 | Identified the amulet "Hoapt" {Acrobat Harm Str+3 Int+3}
 50050 | Vaults:5 | Found Nurratt's General Store.
 50059 | Vaults:5 | Identified the +0 orcbow "Feled" {drain, rF+}
 50164 | Vaults:5 | Reached skill level 10 in Invocations
 50167 | Vaults:5 | Reached skill level 12 in Shields
 50269 | Vaults:5 | Identified the +0 chain mail of the Hills {Rampage}
 50372 | Vaults:5 | Reached skill level 15 in Stealth
 50602 | Vaults:5 | Identified the ring of the Inviting Ancients {rF+ Will++
                  | Int+2 Stlth+}
 50613 | Vaults:5 | Got a silver rune of Zot
 50614 | Vaults:5 | Identified the +8 hand axe "Fugususo" {spect, rElec Dex-5
                  | SInv}
 51451 | Crypt:2  | Reached skill level 5 in Ice Magic
 51490 | Crypt:2  | Reached skill level 15 in Spellcasting
 51685 | Crypt:2  | Got Liosuschetakh's Volume of the Incendiary Tundra
 51695 | Crypt:2  | Learned a level 8 spell: Ignition
 52323 | Crypt:3  | Entered Level 3 of the Crypt
 52337 | Crypt:3  | Reached skill level 10 in Fire Magic
 52429 | Crypt:3  | Reached XP level 26. HP: 247/247 MP: 42/42
 52991 | Crypt:3  | Found a staircase to the Tomb.
 53221 | Crypt:3  | Identified the ring of Eternity {Wiz rF+}
 53239 | Crypt:3  | Identified the ring "Roloos" {EV+5 Dex+3}
 53249 | Crypt:3  | Identified the ring of Egyduves {rN+ Will+ Dex+7}
 53249 | Crypt:3  | Identified the ring of Zagrah {Fly rN+}
 53249 | Crypt:3  | Identified the ring of Othrayros {rN+ Str+3}
 53261 | Crypt:3  | Identified the staff "Mois" {Int+3 Earth}
 53263 | Crypt:3  | Identified the staff of Elyvilon's Castigation {Str+3
                  | Earth}
 53427 | Crypt:3  | Identified the staff of Xuotsiaph {Fly rF- rC++ Stlth+
                  | Earth}
 53593 | Tomb:1   | Entered Level 1 of the Tomb of the Ancients
 53852 | Tomb:1   | Reached skill level 15 in Fire Magic
 54274 | Tomb:2   | Noticed a royal mummy
 54274 | Tomb:2   | Noticed a royal mummy
 54274 | Tomb:2   | Noticed a royal mummy
 54275 | Tomb:2   | Noticed a royal mummy
 54283 | Tomb:2   | Killed a royal mummy
 54288 | Tomb:2   | Killed a royal mummy
 54288 | Tomb:2   | Killed a royal mummy
 54292 | Tomb:2   | Killed a royal mummy
 54581 | Tomb:1   | Noticed a royal mummy
 54583 | Tomb:1   | Noticed a royal mummy
 54584 | Tomb:1   | Noticed a royal mummy
 54591 | Tomb:1   | Killed a royal mummy
 54595 | Tomb:1   | Noticed a royal mummy
 54596 | Tomb:1   | Noticed a royal mummy
 54605 | Tomb:1   | Killed a royal mummy
 54607 | Tomb:1   | Noticed a royal mummy
 54610 | Tomb:1   | Killed a royal mummy
 54611 | Tomb:1   | Reached XP level 27. HP: 255/255 MP: 42/42
 54623 | Tomb:1   | Killed a royal mummy
 54631 | Tomb:1   | Killed a royal mummy
 54639 | Tomb:1   | Killed a royal mummy
 54672 | Tomb:1   | Noticed a royal mummy
 54680 | Tomb:1   | Killed a royal mummy
 54685 | Tomb:1   | Noticed a royal mummy
 54687 | Tomb:1   | Noticed a royal mummy
 54707 | Tomb:1   | Killed a royal mummy
 54720 | Tomb:1   | Killed a royal mummy
 54749 | Tomb:1   | Noticed a royal mummy
 54758 | Tomb:1   | Noticed a royal mummy
 54761 | Tomb:1   | Noticed a royal mummy
 54769 | Tomb:1   | Killed a royal mummy
 54776 | Tomb:1   | Killed a royal mummy
 54787 | Tomb:1   | Killed a royal mummy
 54819 | Tomb:1   | Noticed a royal mummy
 54819 | Tomb:1   | Noticed a royal mummy
 54826 | Tomb:1   | Killed a royal mummy
 54831 | Tomb:1   | Killed a royal mummy
 54836 | Tomb:1   | Noticed a royal mummy
 54845 | Tomb:1   | Killed a royal mummy
 54861 | Tomb:1   | Noticed a royal mummy
 54876 | Tomb:1   | Killed a royal mummy
 54912 | Tomb:2   | Identified the +9 long sword of Plunder {pain, rN+ Stlth+}
 55044 | Tomb:3   | Entered Level 3 of the Tomb of the Ancients
 55064 | Tomb:3   | Noticed a royal mummy
 55064 | Tomb:3   | Noticed a royal mummy
 55064 | Tomb:3   | Noticed a royal mummy
 55064 | Tomb:3   | Noticed Boris
 55202 | Tomb:3   | Noticed a royal mummy
 55204 | Tomb:3   | Killed a royal mummy
 55204 | Tomb:3   | Killed Boris
 55204 | Tomb:3   | Killed a royal mummy
 55204 | Tomb:3   | Killed a royal mummy
 55205 | Tomb:3   | Noticed a royal mummy
 55207 | Tomb:3   | Noticed a royal mummy
 55211 | Tomb:3   | Killed a royal mummy
 55211 | Tomb:3   | Killed a royal mummy
 55211 | Tomb:3   | Noticed a royal mummy
 55212 | Tomb:3   | Killed a royal mummy
 55222 | Tomb:3   | Noticed a royal mummy
 55225 | Tomb:3   | Noticed a royal mummy
 55229 | Tomb:3   | Killed a royal mummy
 55234 | Tomb:3   | Killed a royal mummy
 55235 | Tomb:3   | Killed a royal mummy
 55403 | Tomb:3   | Identified the +0 chain mail of Whack-A-Mole {Str+3 Slay+4}
 55426 | Tomb:3   | Identified the staff "Jofiejie" {Str+2 Conj}
 55448 | Tomb:3   | Identified the staff "Risophom" {rF+ Dex+2 Fire}
 55452 | Tomb:3   | Identified the +1 pair of gloves of a sewer {rC+ Str+3}
 55475 | Tomb:3   | Identified the +1 scale mail "Ruenkeng" {rCorr Slay+3}
 55628 | Tomb:3   | Identified the ring "Qofupyo" {Int+3 SInv}
 55696 | Tomb:3   | Identified a scroll of acquirement
 55726 | Tomb:3   | Got a golden rune of Zot
 56067 | Vaults:4 | Bought a scroll of amnesia for 64 gold pieces
 56285 | Depths:2 | Voluntarily entered the Abyss.
 56533 | Abyss:1  | Paralysed by accursed screaming for 1 turns
 56537 | Abyss:1  | Paralysed by accursed screaming for 1 turns
 56604 | Abyss:2  | Reached skill level 5 in Air Magic
 56629 | Abyss:2  | Paralysed by accursed screaming for 1 turns
 56665 | Abyss:3  | Found a corrupted altar of Lugonu.
 56729 | Abyss:3  | Found a corrupted altar of Lugonu.
 56748 | Abyss:3  | Paralysed by accursed screaming for 1 turns
 56784 | Abyss:3  | Got an abyssal rune of Zot
 56811 | Abyss:3  | Paralysed by an eldritch tentacle for 1 turns
 56855 | Abyss:3  | Found a corrupted altar of Lugonu.
 56888 | Depths:2 | Escaped the Abyss
 56922 | Hell     | Entered the Vestibule of Hell
 56988 | Depths:4 | Entered Level 4 of the Depths
 57069 | Depths:4 | Found a gate to the Realm of Zot.
 57145 | Depths:4 | Noticed the Enchantress
 57147 | Depths:4 | Killed the Enchantress
 57153 | Depths:4 | Reached skill level 10 in Air Magic
 57170 | Zig:1    | Entered Level 1 of a ziggurat
 57195 | Zig:2    | Entered Level 2 of a ziggurat
 57210 | Zig:3    | Entered Level 3 of a ziggurat
 57217 | Zig:3    | Paralysed by accursed screaming for 2 turns
 57223 | Zig:3    | Paralysed by accursed screaming for 1 turns
 57249 | Zig:4    | Entered Level 4 of a ziggurat
 57277 | Zig:4    | Got Sif Muna's Papyrus of Shivering Illusion
 57281 | Zig:4    | Identified the staff of Foliri {Int+3 Earth}
 57301 | Zig:5    | Entered Level 5 of a ziggurat
 57340 | Zig:5    | Identified the staff of Brawling {Str+2 Earth}
 57346 | Zig:6    | Entered Level 6 of a ziggurat
 57350 | Zig:6    | Noticed an ancient lich
 57361 | Zig:6    | Killed an ancient lich
 57435 | Zig:7    | Entered Level 7 of a ziggurat
 57442 | Zig:7    | Noticed Esegup the pandemonium lord
 57444 | Zig:7    | Killed Esegup the pandemonium lord
 57521 | Zig:7    | Identified the +1 longbow of Bread {heavy, rF- Will+++
                  | Str-5 SInv}
 57526 | Zig:7    | Acquired bottledwater03's Incunabulum of Rocky
                  | Confrontation
 57538 | Zig:7    | Learned a level 9 spell: Chain Lightning
 57543 | Zig:8    | Entered Level 8 of a ziggurat
 57584 | Zig:8    | Identified the +7 scimitar of Moral Flaws {freeze, *Rage
                  | Str+3 Int+3}
 57638 | Zig:9    | Entered Level 9 of a ziggurat
 57648 | Zig:9    | Noticed a dread lich
 57648 | Zig:9    | Noticed an ancient lich
 57648 | Zig:9    | Found the brooch of Shielding {Spirit SH+8}
 57653 | Zig:9    | Killed a dread lich
 57656 | Zig:9    | Killed an ancient lich
 57689 | Zig:9    | Identified the amulet "Ziyphatt" {Acrobat rC+ rCorr Str+3
                  | Dex+5}
 57720 | Zig:10   | Entered Level 10 of a ziggurat
 57738 | Zig:10   | Reached skill level 15 in Air Magic
 57752 | Zig:10   | Identified the ring of Yxusomua {^Contam +Blink rC- Will+++
                  | rCorr}
 57781 | Zig:11   | Entered Level 11 of a ziggurat
 57808 | Zig:11   | Found the +6 arbalest "Damnation" {damnation}
 57810 | Zig:11   | Found the +4 Cigotuvi's embrace {Corpsefed rMiasma ^Drain
                  | rN+}
 57834 | Zig:11   | Identified the amulet of Okawaru, Inviting {Acrobat Will+
                  | Int+3}
 58067 | Depths:4 | Noticed Boris
 58073 | Depths:4 | Killed Boris
 58124 | Depths:4 | Found a shimmering blue altar of Sif Muna.
 58321 | Zot:1    | Entered Level 1 of the Realm of Zot
 58472 | Zot:1    | Noticed an ancient lich
 58481 | Zot:1    | Killed an ancient lich
 58483 | Zot:1    | Noticed a dread lich
 58485 | Zot:1    | Noticed an ancient lich
 58503 | Zot:1    | Killed a dread lich
 58508 | Zot:1    | Killed an ancient lich
 58569 | Zot:1    | Identified the +3 scimitar of Sunlight {venom, rPois Str+3
                  | Dex+3}
 58759 | Zot:1    | Identified the +3 scimitar of Tomorrow {antimagic, rElec}
 59077 | Zot:1    | Acquired 572 gold pieces
 59364 | Zot:2    | Noticed an orb of fire
 59447 | Zot:1    | Killed an orb of fire
 60240 | Zot:3    | You fall into a shaft and drop 1 floor!
 60454 | Zot:4    | Noticed an ancient lich
 60461 | Zot:4    | Killed an ancient lich
 60924 | Zot:4    | Noticed an orb of fire
 60943 | Zot:4    | Killed an orb of fire
 61642 | Hell     | Noticed Geryon
 61646 | Hell     | Killed Geryon
 61839 | Hell     | Found a gateway to the Iron City of Dis.
 61884 | Hell     | Found a gateway to the ashen valley of Gehenna.
 61968 | Hell     | Found a gateway to the decaying netherworld of Tartarus.
 62019 | Hell     | Found a gateway to the freezing wastes of Cocytus.
 62124 | Coc:1    | Entered Level 1 of Cocytus
 62164 | Coc:2    | Paralysed by a wendigo for 1 turns
 62175 | Coc:2    | Paralysed by a wendigo for 1 turns
 62517 | Coc:6    | Paralysed by a wendigo for 1 turns
 62710 | Coc:7    | Entered Level 7 of Cocytus
 62741 | Coc:7    | Paralysed by a wendigo for 1 turns
 62781 | Coc:7    | Paralysed by a wendigo for 1 turns
 62905 | Coc:7    | Paralysed by a wendigo for 1 turns
 62956 | Coc:7    | Identified the ring of Juted {Str+6 Dex+4 SInv}
 62958 | Coc:7    | Identified the +0 leather armour of the Endless Expanse
                  | {Int+2}
 63140 | Coc:7    | Paralysed by a wendigo for 1 turns
 63249 | Coc:7    | Noticed Antaeus
 63253 | Coc:7    | Paralysed by a wendigo for 1 turns
 63300 | Coc:7    | Killed Antaeus
 63311 | Coc:7    | Got the Precepts of Bruises
 63322 | Coc:7    | Learned a level 9 spell: Fire Storm
 63324 | Coc:7    | Got Vadoziacs's Compilation of the Undead
 63327 | Coc:7    | Got an icy rune of Zot
 63477 | Geh:1    | Entered Level 1 of Gehenna
 63887 | Geh:7    | Entered Level 7 of Gehenna
 64234 | Geh:7    | Noticed the Serpent of Hell
 64244 | Geh:7    | Killed the Serpent of Hell
 64297 | Geh:7    | Reached skill level 13 in Shields
 64408 | Geh:7    | Identified the ring of the Lich-sworn {Fly rCorr MP+9
                  | Dex+3}
 64410 | Geh:7    | Identified the +6 sling of Descent {freeze, rF+++ rC+
                  | Int-2}
 64436 | Geh:7    | Identified the +1 leather armour of Apathy {+Blink Int+4}
 64465 | Geh:7    | Found the +13 sceptre of Asmodeus
 64465 | Geh:7    | Noticed Asmodeus
 64475 | Geh:7    | Killed Asmodeus
 64481 | Geh:7    | Got an obsidian rune of Zot
 64699 | Tar:1    | Entered Level 1 of Tartarus
 65035 | Tar:3    | Reached skill level 14 in Shields
 65116 | Tar:3    | Noticed an ancient lich
 65117 | Tar:3    | Noticed a dread lich
 65117 | Tar:3    | Noticed a dread lich
 65118 | Tar:3    | Noticed a dread lich
 65118 | Tar:3    | Noticed a dread lich
 65119 | Tar:3    | Noticed a dread lich
 65119 | Tar:3    | Noticed a dread lich
 65119 | Tar:3    | Noticed an ancient lich
 65121 | Tar:3    | Killed a dread lich
 65121 | Tar:3    | Killed an ancient lich
 65121 | Tar:3    | Killed a dread lich
 65121 | Tar:3    | Killed a dread lich
 65122 | Tar:3    | Killed a dread lich
 65122 | Tar:3    | Killed a dread lich
 65123 | Tar:3    | Killed a dread lich
 65123 | Tar:3    | Killed an ancient lich
 65404 | Tar:5    | Reached skill level 10 in Dodging
 65404 | Tar:5    | Reached skill level 15 in Shields
 65687 | Tar:7    | Entered Level 7 of Tartarus
 66209 | Tar:7    | Reached skill level 15 in Axes
 66461 | Tar:7    | Noticed Ereshkigal
 66464 | Tar:7    | Paralysed by Ereshkigal for 3 turns
 66475 | Tar:7    | Killed Ereshkigal
 66532 | Tar:7    | Identified the +0 chain mail "Laeradea" {Int+3}
 66537 | Tar:7    | Got a bone rune of Zot
 66618 | Tar:7    | Reached skill level 16 in Shields
 66724 | Dis:1    | Entered Level 1 of the Iron City of Dis
 66939 | Dis:4    | You fall into a shaft and drop 1 floor!
 67108 | Dis:6    | Reached skill level 17 in Shields
 67144 | Dis:7    | Entered Level 7 of the Iron City of Dis
 67284 | Dis:7    | Reached skill level 18 in Shields
 67502 | Dis:7    | Reached skill level 19 in Shields
 67584 | Dis:7    | Noticed a juggernaut
 67598 | Dis:7    | Killed a juggernaut
 67602 | Dis:7    | Noticed Dispater
 67639 | Dis:7    | Killed Dispater
 67658 | Dis:7    | Identified the staff of Isalic {rN+ Will+ Str+2 Conj Necro}
 67665 | Dis:7    | Identified the +4 ring mail of Egredal {Rampage rC+}
 67674 | Dis:7    | Got an iron rune of Zot
 67823 | Pan      | Entered Pandemonium
 67902 | Pan      | Found an exit through the horrors of the Abyss.
 67933 | Pan      | Noticed Hapry the pandemonium lord
 67943 | Pan      | Killed Hapry the pandemonium lord
 68001 | Pan      | Reached skill level 20 in Shields
 68059 | Pan      | Noticed Ygrexzuq the pandemonium lord
 68066 | Pan      | Killed Ygrexzuq the pandemonium lord
 68141 | Pan      | Noticed Koruhuic the pandemonium lord
 68150 | Pan      | Killed Koruhuic the pandemonium lord
 68158 | Pan      | Reached skill level 21 in Shields
 68160 | Pan      | Got a demonic rune of Zot
 68163 | Pan      | Identified the staff "Sissenn" {^Fragile rF+ Dex+4 Conj
                  | Fire}
 68390 | Pan      | Entered the realm of Gloorx Vloq.
 68529 | Pan      | Noticed Gloorx Vloq
 68535 | Pan      | Killed Gloorx Vloq
 68552 | Pan      | Got a dark rune of Zot
 68604 | Pan      | Reached skill level 22 in Shields
 68655 | Pan      | Entered the realm of Mnoleg.
 68737 | Pan      | Noticed Mnoleg
 68755 | Pan      | Killed Mnoleg
 68840 | Pan      | Got a glowing rune of Zot
 68902 | Pan      | Reached skill level 23 in Shields
 68920 | Pan      | Noticed Amopsiow the pandemonium lord
 68934 | Pan      | Killed Amopsiow the pandemonium lord
 68947 | Pan      | Noticed Amuhol the pandemonium lord
 69017 | Pan      | Noticed Cagiogg the pandemonium lord
 69082 | Pan      | Entered the realm of Cerebov.
 69223 | Pan      | Identified the staff "Vaufur" {rElec Stlth+ Fire Air}
 69235 | Pan      | Found the +6 sword of Cerebov {flame}
 69235 | Pan      | Noticed Cerebov
 69242 | Pan      | Reached skill level 24 in Shields
 69244 | Pan      | Killed Cerebov
 69262 | Pan      | Got a fiery rune of Zot
 69425 | Pan      | Entered the realm of Lom Lobon.
 69425 | Pan      | Noticed Lom Lobon
 69447 | Pan      | Killed Lom Lobon
 69463 | Pan      | Got a magical rune of Zot
 69466 | Pan      | Found an exit through the horrors of the Abyss.
 69472 | Pan      | Took an exit into the Abyss.
 69472 | Abyss:3  | Escaped into the Abyss
 69610 | Depths:2 | Escaped the Abyss
 69723 | Zot:5    | Entered Level 5 of the Realm of Zot
 69879 | Zot:5    | Reached skill level 25 in Shields
 69952 | Zot:5    | Noticed a dread lich
 69955 | Zot:5    | Noticed an ancient lich
 69955 | Zot:5    | Noticed an orb of fire
 69955 | Zot:5    | Noticed an orb of fire
 69958 | Zot:5    | Noticed an orb of fire
 69961 | Zot:5    | Killed an ancient lich
 69963 | Zot:5    | Killed an orb of fire
 69964 | Zot:5    | Killed an orb of fire
 69964 | Zot:5    | Noticed an ancient lich
 69965 | Zot:5    | Killed an orb of fire
 69966 | Zot:5    | Noticed an orb of fire
 69968 | Zot:5    | Noticed a dread lich
 69968 | Zot:5    | Noticed a dread lich
 69970 | Zot:5    | Noticed an ancient lich
 69974 | Zot:5    | Noticed an ancient lich
 70001 | Zot:4    | Killed an orb of fire
 70019 | Zot:5    | Killed a dread lich
 70020 | Zot:5    | Reached skill level 26 in Shields
 70020 | Zot:5    | Killed an ancient lich
 70020 | Zot:5    | Killed an ancient lich
 70021 | Zot:5    | Killed a dread lich
 70022 | Zot:5    | Killed a dread lich
 70024 | Zot:5    | Noticed an ancient lich
 70033 | Zot:5    | Killed an ancient lich
 70042 | Zot:5    | Killed an ancient lich
 70267 | Zot:5    | Reached skill level 27 in Shields
 70327 | Zot:5    | Got the Orb of Zot
 70447 | Zot:1    | Noticed Xaemaat the pandemonium lord
 70454 | Zot:1    | Killed Xaemaat the pandemonium lord
 70739 | D:6      | Noticed Jydghuch the pandemonium lord
 70783 | D:3      | Noticed Onoptyjy the pandemonium lord
 70786 | D:3      | Killed Onoptyjy the pandemonium lord
 70837 | D:1      | Noticed Cukkiyp the pandemonium lord
 70840 | D:1      | Killed Cukkiyp the pandemonium lord
 70862 | D:$      | Escaped with the Orb!

Illustrated notes

Levels and vault maps discovered:
D:1:      onia_arrival_zoo_common, layout_basic,
          ebering_ecumenical_altar_sacrificial, minmay_small_reverse_x
D:2:      layout_loops_ring, basic_altar, minivault_25
D:3:      layout_loops_cross, mainiacjoe_overflow_chevrons, serial_shops,
          nicolae_shop_statue_plus, nicolae_shop_window_shopping, shop,
          portal_sewer_entry_a, minmay_door_square, corexii_corridor_pit,
          uniq_terence
D:4:      layout_loops_ring, serial_shops, nicolae_shop_drivethru,
          hangedman_abyss_or_decor_passed, uniq_eustachio, uniq_grinder
D:5:      layout_cave_pools, serial_gnoll_camp, gnoll_camp_mini_hut,
          gnoll_camp_mini_basic, gnoll_camp_medium_01, gnoll_camp_mini_hut,
          gnoll_camp_medium_02, gnoll_camp_huts_basic, serial_shops,
          nicolae_shop_trees
D:6:      layout_loops_ring, nemelex_dance_club_becter, zin_statuary,
          bloody_makhleb, nicolae_hepliaklqana_monster_ancestors,
          minmay_stone_trees_small, uniq_jeremiah
D:7:      nzn_winding_woodlands_stair_cross [nzn_winding_woodlands_5x15_eye,
          nzn_winding_woodlands_center_diamonds,
          nzn_winding_woodlands_5x15_zeroes, nzn_winding_woodlands_5x5_cross,
          nzn_winding_woodlands_5x5_three,
          nzn_winding_woodlands_5x15_concentric,
          nzn_winding_woodlands_center_lodge, nzn_winding_woodlands_5x15_cabin],
          layout_rooms, nicolae_wu_jian_wuxing_cycle,
          minmay_temple_entry_statues_fountains, gammafunk_ghost_nasty_kobolds,
          dreamdust_gnoll_farm
D:8:      layout_basic, yredelemnul_altar_generic, mainiacjoe_overflow_alcove_4,
          tgw_kikubaaqudgha, ebering_ghost_xom
D:9:      layout_small_grid, old_standard_altar, mainiacjoe_overflow_boulevard,
          nicolae_dithmenos_shadow_blocks, erik_orc_3
D:10:     layout_basic, xom_shifter_show, minmay_misc_feat_secret_circle,
          uniq_fannar, uniq_urug
D:11:     layout_irregular_city, minmay_lair_entry_grove, serial_shops,
          nicolae_shop_back_alley_shop
D:12:     layout_basic, serial_glass, glass_columns_b, glass_columns_b,
          glass_columns_a, glass_columns_a, uniq_maurice
D:13:     layout_loops_corners, grunt_vaults_entry_fortified, slow_altar_2
D:14:     layout_big_octagon, serial_park_square1 [serial_park_minivault_5x5_1]
D:15:     hellmonk_depths_entry_around_the_bend, layout_long_grid,
          grunt_qazlal_clouds, grunt_ministairs_1, evilmike_minifort,
          uniq_louise
Temple:   nicolae_temple_cloud_nine
Lair:1:   layout_regular_city, nicolae_quartered_pool_medium,
          kennysheep_snail_temple
Lair:2:   layout_gridlike, gauntlet_entry_generic
Lair:3:   minmay_lair_oklob_tunnel, layout_regular_city, swamp_mist,
          dummy_spider_entry, pf_torpor_hydra, lemuel_fruit_tree,
          serial_bayou_shore_a, grunt_megastairs_2, serial_bayou_shore_b,
          uniq_snorg
Lair:4:   layout_regular_city, grunt_megastairs_4
Lair:5:   evilmike_catoblepas_cave, layout_regular_city,
          nicolae_slime_entry_field_trip, mumra_transporter_accident
Swamp:1:  layout_falls_marsh, evilmike_swamp_ruin_rubble_2,
          infiniplex_staircase_pool, uniq_jorgrun
Swamp:2:  layout_falls_marsh, nicolae_swamp_orc_logging_accident
Swamp:3:  layout_basic_swamp, ebering_ghost_xom, nicolae_swamp_dense_foliage,
          swamp_pool_4, statue_in_the_mist_lemuel, infiniplex_staircase_pool_2,
          nicolae_swamp_decorative_isthmus
Swamp:4:  swamp_old_school, layout_basic_swamp, swamp_pool_1_2
Spider:1: layout_spider_delve, spiders_nest_hornet_nest
Spider:2: layout_spider_delve, nicolae_spider_bzzzt
Spider:3: layout_chambers, nicolae_spider_eight_legs, uniq_arachne
Spider:4: grunt_spider_rune_parallel, nicolae_spider_swamp_cousins
Slime:1:  layout_caves
Slime:2:  layout_caves, nicolae_slime_round_cave
Slime:3:  layout_caves
Slime:4:  layout_caves, nicolae_slime_barrier, uniq_dissolution
Slime:5:  slime_pit_nicolae_trefoil
Orc:1:    nicolae_orc_accident_2, layout_caves, basic_altar
Orc:2:    st_orc_elflike, layout_diamond_mine, ebering_ghost_xom
Elf:1:    eino_elf_arrival_sip, layout_loops_cross, nicolae_elf_crossing_hall,
          minmay_shoptagon
Elf:2:    nicolae_elf_blades_splatter_lattice
          [nicolae_blade_entry_floor_patterns], layout_loops_cross,
          serial_shops, nicolae_take_the_stairs, hangedman_elf_power_crystal
Elf:3:    minmay_elf_hall_hex, layout_geoelf_castle,
          hangedman_elven_crosses_minicolossus
Vaults:1: nicolae_vaults_triangles, nicolae_vaults_three_branches, v_misc_14,
          nicolae_vaults_what_the_h, nicolae_vaults_stepped_doors,
          nicolae_vaults_trapezoid_2, layout_vaults_omnigrid, serial_shops, shop
Vaults:2: minmay_orc_keep, blue_anna_dwarven_crypt, nicolae_vaults_diamond_2,
          vaults_mumra_chevron, v_rooms_6, nicolae_vaults_little_squares_2,
          nicolae_vaults_storage_room_doors,
          nicolae_vaults_offset_grid_hallway_2, dpeg_vaults_monster_row,
          nicolae_vaults_cochlea, st_spiral_rooms, nicolae_vaults_big_ls,
          nicolae_vaults_trapezoid_lopsided_1, layout_vaults_omnibox,
          uniq_sojobo
Vaults:3: nicolae_vaults_apartment_1, nicolae_vaults_storage_closets_1,
          nicolae_vaults_stairing_the_circle, vaults_room_large_hall,
          vaults_room_corners, nicolae_vaults_little_squares_2,
          hangedman_vaults_stagger, nicolae_vaults_house_2,
          layout_vaults_chaotic_city, serial_shops,
          nicolae_shop_pleasant_corner_grove
Vaults:4: hangedman_vaults_slice, nicolae_vaults_alarming, v_misc_4,
          nicolae_vaults_apartment_1, vaults_standard_mumra_enter_the_diamond,
          nicolae_vaults_trapezoid_layered, nicolae_vaults_door_testing_chamber,
          nicolae_vaults_six-pack, v_misc_25, vaults_room_pools,
          grunt_vaults_focal, layout_vaults_omnicross, enter_trove_0,
          serial_shops, shop_fountains
Vaults:5
Crypt:1:  layout_gridlike
Crypt:2:  minmay_skeleton_keep, layout_misc_corridors, lemuel_elevator
Crypt:3:  due_elkab, layout_chaotic_city
Tomb:1
Tomb:2
Tomb:3:   uniq_boris
Depths:1: due_jory_tower, layout_basic, enter_ziggurat_d,
          pf_dread_powers_of_hell, nicolae_vehumet_radiance
Depths:2: minmay_the_grid_square_5x5_3x3 [minmay_the_grid_square_5x5_forky,
          minmay_the_grid_square_5x5_inner_v,
          minmay_the_grid_square_5x5_bracketed,
          minmay_the_grid_square_5x5_minibox,
          minmay_the_grid_square_5x5_megaprize_diamond,
          minmay_the_grid_square_5x5_three_walls,
          minmay_the_grid_square_5x5_tetrominoes,
          minmay_the_grid_square_5x5_moneybag,
          minmay_the_grid_square_5x5_corner], layout_gridlike,
          grunt_hell_entry_demonic_statue, kennysheep_small_spiral,
          rand_demon_pan_entry_7, abyss_entry, gammafunk_ghost_split
Depths:3: minmay_swirls_squares, layout_gridlike, abyss_entry_small_statue_room,
          lightli_enter_wizlab_magi_temple, hell_entry, minmay_misc_feat_roman
Depths:4: grunt_crosshair, layout_cave_pools, hangedman_tar_grid_catacomb,
          abyss_entry, lemuel_doored_altar, uniq_enchantress
Hell
Dis:1:    layout_gridville
Dis:2:    layout_jigsaw
Dis:3:    layout_jigsaw
Dis:4:    layout_regular_city
Dis:5:    layout_gridville, nicolae_dis_grated_feature
Dis:6:    layout_regular_city, nicolae_dis_grated_feature
Dis:7:    dis_hangedman
Geh:1:    layout_gehenna_lava_caves
Geh:2:    layout_gehenna_pools_basic
Geh:3:    layout_gehenna_pools_box
Geh:4:    layout_gehenna_pools_basic, nicolae_hells_hurtin_island
Geh:5:    layout_gehenna_pools_triple, nicolae_geh_amphitheater
Geh:6:    layout_gehenna_lava_caves
Geh:7:    geh_old
Coc:1:    layout_ice_bergs
Coc:2:    layout_cocytus_water_paths
Coc:3:    layout_cocytus_delve
Coc:4:    layout_cocytus_delve
Coc:5:    nicolae_coc_three_mouths, layout_cocytus_water_paths
Coc:6:    nooodl_cocytus_jagged_cave
Coc:7:    coc_grunt
Tar:1:    layout_grid_maze, nicolae_tar_cuneiform_sun
Tar:2:    layout_catacombs, nicolae_tar_cuneiform_heaven,
          nicolae_tar_cuneiform_to_be
Tar:3:    nicolae_tar_tart_auras, layout_cathedral_of_symmetry,
          nicolae_hells_leichenhalle
Tar:4:    layout_catacombs
Tar:5:    layout_grid_maze
Tar:6:    layout_grid_maze, nicolae_tar_four_comb_rooms
Tar:7:    tar_minmay_river
Zot:1:    hangedman_zot_vaults_quadrants, layout_cathedral_of_symmetry,
          st_stairs_9
Zot:2:    layout_misc_corridors
Zot:3:    layout_cellular_growth
Zot:4:    layout_misc_corridors, regret_index_zotdec_serpentine_coiled,
          lemuel_lich_library
Zot:5:    layout_basic

Skill      XL: |  1  2  3  4  5  6  7  8  9 10 11 12 13 14 15 16 17 18 19 20 21 22 23 24 25 26 27 |
---------------+----------------------------------------------------------------------------------+-----
Conjurations   | 2 3 4 6 8 9 10 11 15 18 21 | 21.0
Alchemy        | 1 2 4 5 |  5.0
Air Magic      | 1 2 3 21 | 21.0
Spellcasting   | 4 5 7 8 10 11 13 14 15 21 | 21.1
Staves         | 1 2 |  2.0
Evocations     | 1 |  1.2
Fighting       | 1 2 5 6 11 14 15 16 21 | 21.2
Stealth        | 4 5 7 8 10 12 13 14 15 21 | 21.5
Earth Magic    | 2 3 4 5 8 9 |  9.7
Ice Magic      | 3 5 |  5.4
Summonings     | 3 |  3.0
Polearms       | 2 |  2.6
Fire Magic     | 3 4 11 18 21 | 21.0
Invocations    | 3 4 5 8 9 10 12 | 12.5
Shields        | 5 6 8 9 11 12 27 | 27.0
Necromancy     | 4 |  4.0
Shapeshifting  | 9 13 17 19 22 23 | 23.0
Armour         | 1 2 6 7 9 |  9.0
Dodging        | 3 4 5 7 12 | 12.6
Axes           | 13 14 16 | 16.0
Translocations | |  1.0

Action                     |  1- 3 |  4- 6 |  7- 9 | 10-12 | 13-15 | 16-18 | 19-21 | 22-24 | 25-27 || total
---------------------------+-------+-------+-------+-------+-------+-------+-------+-------+-------++-------
  Melee: Short sword       |     7 |       |       |       |       |       |       |       |       ||     7
         Staff             |     5 |    64 |   133 |       |       |       |       |       |       ||   202
         Punch             |       |       |     4 |     3 |     1 |       |       |     1 |       ||     9
         Trident           |       |       |   180 |   668 |   729 |   831 |   907 |    16 |       ||  3331
         Constrict         |       |       |       |       |   165 |   197 |   179 |   141 |   817 ||  1499
         Broad axe         |       |       |       |       |       |       |       |  1157 |  5117 ||  6274
         Unarmed           |       |       |       |       |       |       |       |    48 |       ||    48
   Fire: Sling             |       |       |       |       |    20 |       |       |       |       ||    20
  Throw: Boomerang         |     2 |     7 |       |    19 |       |       |       |       |       ||    28
         Dart              |       |    31 |   120 |     9 |       |       |       |       |       ||   160
         Javelin           |       |       |       |     1 |     8 |    33 |    18 |     2 |     8 ||    70
   Cast: Magic Dart        |    70 |     6 |    76 |     6 |     1 |       |       |       |       ||   159
         Mephitic Cloud    |     1 |     5 |    50 |    92 |    18 |    21 |     8 |       |       ||   195
         Call Imp          |       |     3 |       |       |       |       |       |       |       ||     3
         Sticky Flame      |       |       |       |    18 |    17 |    16 |       |       |       ||    51
         Blink             |       |       |       |    10 |     3 |     5 |     6 |     1 |     3 ||    28
         Leda's Liquefacti |       |       |       |     3 |     7 |     6 |       |       |     3 ||    19
         Dispel Undead     |       |       |       |     9 |     9 |     3 |       |       |       ||    21
         Bombard           |       |       |       |     6 |    18 |    35 |    12 |     2 |    14 ||    87
         Freezing Cloud    |       |       |       |       |    40 |   123 |   104 |     6 |    35 ||   308
         Summon Ice Beast  |       |       |       |       |       |     2 |       |       |       ||     2
         Orb of Destructio |       |       |       |       |       |     2 |    16 |     1 |    29 ||    48
         Conjure Ball Ligh |       |       |       |       |       |       |       |    11 |     2 ||    13
         Ignition          |       |       |       |       |       |       |       |       |    91 ||    91
         Chain Lightning   |       |       |       |       |       |       |       |       |    69 ||    69
         Fire Storm        |       |       |       |       |       |       |       |       |    17 ||    17
 Invoke: Slouch            |       |       |       |     1 |    10 |    19 |    13 |     4 |    12 ||    59
         Step From Time    |       |       |       |       |       |     1 |       |     1 |     4 ||     6
Ability: Spit Poison       |    22 |    21 |    66 |    18 |     4 |     4 |     4 |     1 |       ||   140
         Begin Untransform |       |       |       |       |       |     1 |       |       |     2 ||     3
         Siphon Essence    |       |       |       |       |       |       |     5 |     3 |       ||     8
         Evoke Blink       |       |       |       |       |       |       |     2 |       |       ||     2
  Evoke: Wand              |       |       |       |     7 |     2 |    13 |     4 |     1 |    11 ||    38
         Figurine of a zig |       |       |       |       |       |       |       |       |     1 ||     1
    Use: Scroll            |     5 |     1 |     1 |    10 |    15 |     7 |    14 |    21 |    50 ||   124
         Potion            |     1 |       |       |     1 |     1 |       |    21 |       |    10 ||    34
   Stab: Confused          |       |     7 |    23 |    61 |    20 |     7 |     4 |       |       ||   122
         Sleeping          |       |       |     2 |     1 |    16 |    17 |    33 |    45 |    46 ||   160
         Distracted        |       |       |       |     2 |     2 |     4 |     1 |     3 |    23 ||    35
         Petrified         |       |       |       |       |       |     5 |       |       |       ||     5
         Petrifying        |       |       |       |       |       |     1 |       |       |       ||     1
         Paralysed         |       |       |       |       |       |       |       |       |     1 ||     1
 Armour: Robe              |    12 |    28 |   236 |    94 |       |       |   544 |   754 |  2696 ||  4364
         Troll leather arm |       |       |       |   326 |   636 |   862 |   283 |       |       ||  2107
         Skin              |       |       |       |       |       |       |       |     9 |     4 ||    13
  Dodge: Dodged            |    13 |    24 |   128 |   281 |   165 |   218 |   240 |   358 |  1470 ||  2897
         Repelled          |       |       |       |       |       |     3 |    10 |    18 |    65 ||    96
  Block: Other             |       |       |       |     9 |    13 |       |       |     9 |       ||    31
         Kite shield       |       |       |       |       |   612 |   994 |   843 |   270 |       ||  2719
         Reflection        |       |       |       |       |     9 |    19 |   102 |   110 |    54 ||   294
         Tower shield      |       |       |       |       |       |       |       |  1176 |  7402 ||  8578
   Form: Death             |       |       |       |       |       |     1 |     3 |     1 |     3 ||     8
         Storm             |       |       |       |       |       |       |     2 |     1 |       ||     3
         Statue            |       |       |       |       |       |       |       |       |     1 ||     1
